Workbook
Name Blank: 'Extra look-up'!$B$33:$B$33
Name BMS: 'Eligible Technologies'!$D$17:$D$18
Name BMS: 'Eligible Technologies'!$D$17:$D$18
Name Boilers: #REF!
Name Building_Names: '[1]Backing Sheet - Buildings'!$E$2:INDEX('[1]Backing Sheet - Buildings'!$E$2:$E$101,COUNTIF('[1]Backing Sheet - Buildings'!$E$2:$E$101,"?*"))
Name Buildings: OFFSET('[1]Backing Sheet - Buildings'!A1,0,0,COUNTA('[1]Backing Sheet - Buildings'!$E$2:$E$101),1)
Name ChartXVals: OFFSET(INDEX(#REF!,MATCH("1",#REF!,0),1),0,0,COUNTIF(#REF!,"1"),1)
Name ChartYVals: OFFSET(INDEX(#REF!,MATCH("1",#REF!,0),3),0,0,COUNTIF(#REF!,"1"),1)
Name CHP: #REF!
Name CO2_factors: 'Eligible Technologies'!$J$17:$K$26
Name Compressor: #REF!
Name Cooling: 'Eligible Technologies'!$D$19:$D$23
Name Custom: #REF!
Name Data_Sheets: #REF!
Name DRange: '[2]Backing Sheet Buildings'!$D$2:INDEX('[2]Backing Sheet Buildings'!$D$2:$D$101,COUNTIF('[2]Backing Sheet Buildings'!$D$2:$D$101,"?*"))
Name DRange: '[1]Backing Sheet - Buildings'!$E$2:INDEX('[1]Backing Sheet - Buildings'!$E$2:$E$101,COUNTIF('[1]Backing Sheet - Buildings'!$E$2:$E$101,"?*"))
Name DRangeSystems: '[2]Backing Sheet Buildings'!$L$2:INDEX('[2]Backing Sheet Buildings'!$L$2:$L$101,COUNTIF('[2]Backing Sheet Buildings'!$L$2:$L$101,"?*"))
Name DRangeSystems: '[1]Backing Sheet - Buildings'!$M$2:INDEX('[1]Backing Sheet - Buildings'!$M$2:$M$101,COUNTIF('[1]Backing Sheet - Buildings'!$M$2:$M$101,"?*"))
Name Drawdown_1: '[16]Loan Amortisation'!$P$31
Name Drawdown_1: '[3]Loan Amortisation'!$P$31
Name Drawdown_1_Date: '[16]Loan Amortisation'!$O$31
Name Drawdown_1_Date: '[3]Loan Amortisation'!$O$31
Name Drawdown_1_Financial_Year: '[16]Extra look-up'!$R$3
Name Drawdown_1_Financial_Year: '[3]Extra look-up'!$R$3
Name Drawdown_2: '[16]Loan Amortisation'!$P$32
Name Drawdown_2: '[3]Loan Amortisation'!$P$32
Name Drawdown_2_Date: '[16]Loan Amortisation'!$O$32
Name Drawdown_2_Date: '[3]Loan Amortisation'!$O$32
Name Drawdown_2_Financial_Year: '[16]Extra look-up'!$S$3
Name Drawdown_2_Financial_Year: '[3]Extra look-up'!$S$3
Name Drawdown_3: '[16]Loan Amortisation'!$P$33
Name Drawdown_3: '[3]Loan Amortisation'!$P$33
Name Drawdown_3_Date: '[16]Loan Amortisation'!$O$33
Name Drawdown_3_Date: '[3]Loan Amortisation'!$O$33
Name Drawdown_3_Financial_Year: '[16]Extra look-up'!$T$3
Name Drawdown_3_Financial_Year: '[3]Extra look-up'!$T$3
Name EfW: 'Eligible Technologies'!$D$24:$D$25
Name Emergency_Services: 'Project Compliance Tool'!$AG$20:$AG$30
Name End_of_Life: #REF!
Name Energy_Savings_Calculations: #REF!
Name Energy_Types: '[16]Eligible Technologies'!$J$17:$J$26
Name Energy_Types: '[3]Eligible Technologies'!$J$17:$J$26
Name Energy_Types: 'Eligible Technologies'!$J$17:$J$26
Name Final_Payment_Year: '[16]Extra look-up'!$Q$3
Name Final_Payment_Year: '[3]Extra look-up'!$Q$3
Name FPrice: '[4]Lookup Table'!$G$15:$G$87
Name FPrice: '[4]Lookup Table'!$G$15:$G$87
Name FPrice: '[5]Lookup Table'!$G$15:$G$87
Name FRange: '[2]Backing Sheet Buildings'!$K$2:INDEX('[2]Backing Sheet Buildings'!XFC1:XFC50,COUNTIF('[2]Backing Sheet Buildings'!$K$2:$K$51,"*?"))
Name FRange: '[1]Backing Sheet - Buildings'!$M$2:INDEX('[1]Backing Sheet - Buildings'!$M$2:$M$101,COUNTIF('[1]Backing Sheet - Buildings'!$M$2:$M$101,"?*"))
Name Fuel_type: '[6]Technology List & Con. Factors'!$F$5:$F$14
Name Fuel_type: '[6]Technology List & Con. Factors'!$F$5:$F$14
Name Fuel_type: '[7]Technology List & Con. Factors'!$F$5:$F$14
Name Further_Education_Institute: 'Project Compliance Tool'!$AH$20:$AH$37
Name Hand_dryers: 'Eligible Technologies'!$D$26:$D$26
Name Heating: 'Eligible Technologies'!$D$27:$D$33
Name Higher_Education_Institute: 'Project Compliance Tool'!$AI$20:$AI$37
Name Hot_water: 'Eligible Technologies'!$D$34:$D$36
Name Insulation_building_fabric: 'Eligible Technologies'!$D$37:$D$44
Name Insulation_draught_proofing: 'Eligible Technologies'!$D$45

Sheet CRYSTAL_PERSIST
V1: <CrystalAddin Version="1" country="GB" lang="en"/>

Sheet Terms and Conditions
B3: Salix Finance: Terms and Conditions for Salix Compliance Tools
B4: ="© Salix Finance "&YEAR(NOW()) -> © Salix Finance 2026
B6: Terms and conditions of use
B7: Salix Finance Ltd (“Salix”) offers 100% interest-free capital to the public sector to improve their energy efficiency and reduce their greenhouse gas emissions. Salix’ loans have to comply with certain conditions as to type of equipment being installed and its financial and carbon savings efficiency. Salix has developed a suite of simple “tools” available for users to download for free to help users estimate their anticipated financial and carbon savings for each scheme they want to assess using data provided by the user.
B8: Non-disclosure
B9: Salix and/or the users acknowledge that they may receive or become aware of confidential information relating to the other party. Except to the extent that disclosure is expressly permitted, or otherwise agreed in writing between the parties, each party shall treat the confidential information provided by the other party as confidential and safeguard it accordingly and not disclose the confidential information provided by the other party to any other person (except their employees, agents, and professional advisers to whom and to the extent to which such disclosure is necessary for the purposes contemplated in considering eligibility for Salix finance and subject to procuring that such persons are made aware of and shall comply with these obligations of confidentiality).
B10: Intellectual property rights
B11: Salix are the owner or the licensee of all intellectual property rights in our tools, and in the material found within them. Salix’ tools are available to use free under licence. The look and feel, the integral data, the embedded calculations and algorithms, and resulting compliance guidance have been created by Salix Finance who own all the Intellectual Property contained within them for the exclusive use of its existing and potential clients. All rights are reserved. No part of the tools may be reproduced, distributed, or transmitted in any form or by any means, including photocopying, recording, or other electronic or mechanical methods, without the prior written permission of the Salix, except in the case of certain non-commercial uses permitted by copyright law. For permission requests, please write to Salix Finance Ltd at 10 South Colonnade, Canary Wharf, London, E14 4PU.

Sheet Guidance Notes
C3: Salix Finance - Compliance Tool
C5: Guidance Notes
C6: This new Recycling Fund and SEELS Tool is to come into effect from April 2026. The following section is designed to give some clear guidance on how to fill out the 'Project Compliance Tool' tab so that you can assess the compliancy of the project. If the project is over £100,000, or is a SEELS Wales application, please complete the Business Case section in the separate tab. There is separate guidance for the Business Case, which can be requested from:
C7: technical@salixfinance.co.uk
C8: Application Notes for specific guidance can be found on our website
C10: For guidance on calculating forecast energy please see below.
C12: Enter project details as shown in the example below:
C17: Enter information for each work type required for the project. Up to 10 work types may be entered here, although an extended version of the form can be requested.
C23: The cells to the right show the calculated values for each work type.
C29: Missing information for a work type will be flagged up in the 'Data Entry Check' column. The compliancy check cannot be completed until all information is entered.
C36: Once all of the required information has been entered correctly, the cells at the bottom will show the final project figures and whether or not the project is compliant.
C43: If you have a technology that is affecting more than one fuel, please enter each fuel into a separate line in the Compliance Tool:
B52: Calculating Forecast Energy Cost: Year 0 + Year 5 = Forecast Energy Cost (p/kWh) 2 The final year will depend on the programme compliance criteria, please check specific programme to confirm how many years needed to be calculated To calculate Year 5: Year 0 x 1.02^5 = Year 5 For example: SEELS England loan (5-year payback period), current electricity cost at 12p/kWh with 2% annual inflation rate the forecast cost would be: Step 1 12 x 1.02^5 = 13.25p Step 2 12 + 13.25 = 12.63p 2 Forecast Energy cost = 12.63p/kWh

Sheet Project Compliance Tool
R1: **hidden* | T1: *hidden*
AQ2: Hide Here
B3: Organisation: | J3: Salix Finance: | N3: Compliancy Criteria: | R3: =IF($D$4="Recycling Fund","Client Additional Fund:","") | AQ3: Hide Here
B4: Programme: | J4: Compliance Tool V38.2 | N4: Payback | O4: =IF(D4="SEELS England","No payback criteria - loan repaid in 5 Years",IF($D$4="","",'Extra look-up'!F80&" years")) | R4: =IF($D$4="Recycling Fund","10 years","") | AQ4: Hide Here
J5: ="© Salix Finance "&YEAR(NOW()) -> © Salix Finance 2026 | N5: £/tCO2e LT | O5: =IF($D$4="","","£"&'Extra look-up'!G80) | R5: =IF($D$4="Recycling Fund","£400","") | AQ5: Hide Here
N6: =IF(OR(O12>=100000,O13>=100000,O14>=100000,O15>=100000,O16>=100000,O17>=100000,O18>=100000,O19>=100000,O20>=100000,O61>=100000),"Please Complete Business Case Information in next tab","") | AQ6: Hide Here
AQ7: Hide Here
B8: District Heating Projects Only: Bespoke Carbon Factor kg/kWh | C8: Start Date | D8: Completion Date | E8: Site Name | F8: Remaining Site Life (yrs) | G8: Project Description | L8: Data Entry Check | AQ8: Hide Here
L9: =IF(AND(C9="",D9="",E9="",F9="",G9=""),"",IF($F$9="","Enter site life","OK")) | AQ9: Hide Here
AQ10: Hide Here
B11: Description of Work | C11: Project Completion Date | D11: Energy Type | E11: Current p/kWh | F11: Forecast p/kWh | G11: Forecast % Change | H11: Project Type | I11: Technology - Work Type | K11: Annual kWhrs Pre-Project | L11: Annual kWhrs Post-Project | M11: Annual kWh savings | N11: % kWh savings | O11: Project Value | P11: Annual Financial Savings | Q11: Payback in Years | R11: kgCO2/kWh | S11: tCO2e pa | T11: tCO2e LT | U11: £/tCO2e LT | V11: Data Entry Check | W11: PF | X11: Payback | Y11: Data Entry | AB11: OK | AC11: PF Round plus cell value 100 | AD11: Electiricty Carbon Factor | AJ11: Payback | AK11: £/tCO2 | AQ11: Hide Here
A12: 1 | G12: =IFERROR(((F12/E12)^(1/X12))-1,"") | M12: =IF(K12="","",K12-L12) | N12: =IFERROR(M12/K12,0) -> 0 | P12: =IF(OR(F12="",M12=""),"",M12*F12/100) | Q12: =IF(OR(P12<=0,P12=""),"",O12/P12) | R12: =IFERROR(IF(D12="Electricity",AD12,HLOOKUP(D12,$AH$100:$AQ$138,2,FALSE)),"") | S12: =IF(OR(D12="",M12="",R12=""),"",M12*R12/1000) | T12: =IF(S12="","",W12*S12) | U12: =IF(ISERROR(O12/T12),"",O12/T12) | V12: =IF('Extra look-up'!$H6="Work Type","Check Work Type",IF(AND(D12="",F12="",H12="",I12="",L12="",M12=""),"",IF(OR(D12="",F12="",H12="",I12="",L12="",M12="",$L$9<>"OK"),"Check all fields completed correctly",IF(AND(D12="",OR(F12<>"",H12<>"",I12<>"",L12<>"")),"Check all fields completed correctly","OK")))) | W12: =IF(I12="","",IF(VLOOKUP(I12,'Eligible Technologies'!$D$7:$G$76,4,FALSE)<$F$9,VLOOKUP(I12,'Eligible Technologies'!$D$7:$G$76,4,FALSE),$F$9)) | X12: =IF(Q12="","",ROUNDUP($Q$65,0)) | Y12: =IF(V12="",0,1) -> 0 | Z12: ='Extra look-up'!F6 | AA12: ='Extra look-up'!H6 -> OK | AB12: =IF(AND(V12<>"OK",V12<>""),51,1) -> 1 | AC12: =ROUNDUP(W12,0)+100 -> #VALUE! | AD12: =$AH$101 -> 0.1953 | AJ12: =IF(OR($D$5="Higher Education Institute",$D$4="Scotland",$D$4="Wales",$D$4="Northern Ireland"),8,IF(OR($D$5="Local Authority",$D$5="NHS",$D$5="Emergency Services",$D$5="Maintained School (Local Authority)"),10,"")) | AK12: =IF($D$4="Scotland",250,IF($D$4="Northern Ireland",200,IF(OR($D$4="Wales",$D$5="Higher Education Institute"),275,IF(OR($D$5="Local Authority",$D$5="NHS",$D$5="Emergency Services",$D$5="Maintained School (Local Authority)"),344,"")))) | AQ12: Hide Here
A13: 2 | G13: =IFERROR(((F13/E13)^(1/X13))-1,"") | M13: =IF(K13="","",K13-L13) | N13: =IFERROR(M13/K13,0) -> 0 | P13: =IF(OR(F13="",M13=""),"",M13*F13/100) | Q13: =IF(OR(P13<=0,P13=""),"",O13/P13) | R13: =IFERROR(IF(D13="Electricity",AD13,HLOOKUP(D13,$AH$100:$AQ$138,2,FALSE)),"") | S13: =IF(OR(D13="",M13="",R13=""),"",M13*R13/1000) | T13: =IF(S13="","",W13*S13) | U13: =IF(ISERROR(O13/T13),"",O13/T13) | V13: =IF('Extra look-up'!$H7="Work Type","Check Work Type",IF(AND(D13="",F13="",H13="",I13="",L13="",M13=""),"",IF(OR(D13="",F13="",H13="",I13="",L13="",M13="",$L$9<>"OK"),"Check all fields completed correctly",IF(AND(D13="",OR(F13<>"",H13<>"",I13<>"",L13<>"")),"Check all fields completed correctly","OK")))) | W13: =IF(I13="","",IF(VLOOKUP(I13,'Eligible Technologies'!$D$7:$G$76,4,FALSE)<$F$9,VLOOKUP(I13,'Eligible Technologies'!$D$7:$G$76,4,FALSE),$F$9)) | X13: =IF(Q13="","",ROUNDUP($Q$65,0)) | Y13: =IF(V13="",0,1) -> 0 | Z13: ='Extra look-up'!F7 | AA13: ='Extra look-up'!H7 -> OK | AB13: =IF(AND(V13<>"OK",V13<>""),51,1) -> 1 | AC13: =ROUNDUP(W13,0)+100 -> #VALUE! | AD13: =$AH$101 -> 0.1953 | AQ13: Hide Here
A14: 3 | G14: =IFERROR(((F14/E14)^(1/X14))-1,"") | M14: =IF(K14="","",K14-L14) | N14: =IFERROR(M14/K14,0) -> 0 | P14: =IF(OR(F14="",M14=""),"",M14*F14/100) | Q14: =IF(OR(P14<=0,P14=""),"",O14/P14) | R14: =IFERROR(IF(D14="Electricity",AD14,HLOOKUP(D14,$AH$100:$AQ$138,2,FALSE)),"") | S14: =IF(OR(D14="",M14="",R14=""),"",M14*R14/1000) | T14: =IF(S14="","",W14*S14) | U14: =IF(ISERROR(O14/T14),"",O14/T14) | V14: =IF('Extra look-up'!$H8="Work Type","Check Work Type",IF(AND(D14="",F14="",H14="",I14="",L14="",M14=""),"",IF(OR(D14="",F14="",H14="",I14="",L14="",M14="",$L$9<>"OK"),"Check all fields completed correctly",IF(AND(D14="",OR(F14<>"",H14<>"",I14<>"",L14<>"")),"Check all fields completed correctly","OK")))) | W14: =IF(I14="","",IF(VLOOKUP(I14,'Eligible Technologies'!$D$7:$G$76,4,FALSE)<$F$9,VLOOKUP(I14,'Eligible Technologies'!$D$7:$G$76,4,FALSE),$F$9)) | X14: =IF(Q14="","",ROUNDUP($Q$65,0)) | Y14: =IF(V14="",0,1) -> 0 | Z14: ='Extra look-up'!F8 | AA14: ='Extra look-up'!H8 -> OK | AB14: =IF(AND(V14<>"OK",V14<>""),51,1) -> 1 | AC14: =ROUNDUP(W14,0)+100 -> #VALUE! | AD14: =$AH$101 -> 0.1953 | AQ14: Hide Here
A15: 4 | G15: =IFERROR(((F15/E15)^(1/X15))-1,"") | M15: =IF(K15="","",K15-L15) | N15: =IFERROR(M15/K15,0) -> 0 | P15: =IF(OR(F15="",M15=""),"",M15*F15/100) | Q15: =IF(OR(P15<=0,P15=""),"",O15/P15) | R15: =IFERROR(IF(D15="Electricity",AD15,HLOOKUP(D15,$AH$100:$AQ$138,2,FALSE)),"") | S15: =IF(OR(D15="",M15="",R15=""),"",M15*R15/1000) | T15: =IF(S15="","",W15*S15) | U15: =IF(ISERROR(O15/T15),"",O15/T15) | V15: =IF('Extra look-up'!$H9="Work Type","Check Work Type",IF(AND(D15="",F15="",H15="",I15="",L15="",M15=""),"",IF(OR(D15="",F15="",H15="",I15="",L15="",M15="",$L$9<>"OK"),"Check all fields completed correctly",IF(AND(D15="",OR(F15<>"",H15<>"",I15<>"",L15<>"")),"Check all fields completed correctly","OK")))) | W15: =IF(I15="","",IF(VLOOKUP(I15,'Eligible Technologies'!$D$7:$G$76,4,FALSE)<$F$9,VLOOKUP(I15,'Eligible Technologies'!$D$7:$G$76,4,FALSE),$F$9)) | X15: =IF(Q15="","",ROUNDUP($Q$65,0)) | Y15: =IF(V15="",0,1) -> 0 | Z15: ='Extra look-up'!F9 | AA15: ='Extra look-up'!H9 -> OK | AB15: =IF(AND(V15<>"OK",V15<>""),51,1) -> 1 | AC15: =ROUNDUP(W15,0)+100 -> #VALUE! | AD15: =$AH$101 -> 0.1953 | AQ15: Hide Here
A16: 5 | G16: =IFERROR(((F16/E16)^(1/X16))-1,"") | M16: =IF(K16="","",K16-L16) | N16: =IFERROR(M16/K16,0) -> 0 | P16: =IF(OR(F16="",M16=""),"",M16*F16/100) | Q16: =IF(OR(P16<=0,P16=""),"",O16/P16) | R16: =IFERROR(IF(D16="Electricity",AD16,HLOOKUP(D16,$AH$100:$AQ$138,2,FALSE)),"") | S16: =IF(OR(D16="",M16="",R16=""),"",M16*R16/1000) | T16: =IF(S16="","",W16*S16) | U16: =IF(ISERROR(O16/T16),"",O16/T16) | V16: =IF('Extra look-up'!$H10="Work Type","Check Work Type",IF(AND(D16="",F16="",H16="",I16="",L16="",M16=""),"",IF(OR(D16="",F16="",H16="",I16="",L16="",M16="",$L$9<>"OK"),"Check all fields completed correctly",IF(AND(D16="",OR(F16<>"",H16<>"",I16<>"",L16<>"")),"Check all fields completed correctly","OK")))) | W16: =IF(I16="","",IF(VLOOKUP(I16,'Eligible Technologies'!$D$7:$G$76,4,FALSE)<$F$9,VLOOKUP(I16,'Eligible Technologies'!$D$7:$G$76,4,FALSE),$F$9)) | X16: =IF(Q16="","",ROUNDUP($Q$65,0)) | Y16: =IF(V16="",0,1) -> 0 | Z16: ='Extra look-up'!F10 | AA16: ='Extra look-up'!H10 -> OK | AB16: =IF(AND(V16<>"OK",V16<>""),51,1) -> 1 | AC16: =ROUNDUP(W16,0)+100 -> #VALUE! | AD16: =$AH$101 -> 0.1953 | AQ16: Hide Here
A17: 6 | G17: =IFERROR(((F17/E17)^(1/X17))-1,"") | M17: =IF(K17="","",K17-L17) | N17: =IFERROR(M17/K17,0) -> 0 | P17: =IF(OR(F17="",M17=""),"",M17*F17/100) | Q17: =IF(OR(P17<=0,P17=""),"",O17/P17) | R17: =IFERROR(IF(D17="Electricity",AD17,HLOOKUP(D17,$AH$100:$AQ$138,2,FALSE)),"") | S17: =IF(OR(D17="",M17="",R17=""),"",M17*R17/1000) | T17: =IF(S17="","",W17*S17) | U17: =IF(ISERROR(O17/T17),"",O17/T17) | V17: =IF('Extra look-up'!$H11="Work Type","Check Work Type",IF(AND(D17="",F17="",H17="",I17="",L17="",M17=""),"",IF(OR(D17="",F17="",H17="",I17="",L17="",M17="",$L$9<>"OK"),"Check all fields completed correctly",IF(AND(D17="",OR(F17<>"",H17<>"",I17<>"",L17<>"")),"Check all fields completed correctly","OK")))) | W17: =IF(I17="","",IF(VLOOKUP(I17,'Eligible Technologies'!$D$7:$G$76,4,FALSE)<$F$9,VLOOKUP(I17,'Eligible Technologies'!$D$7:$G$76,4,FALSE),$F$9)) | X17: =IF(Q17="","",ROUNDUP($Q$65,0)) | Y17: =IF(V17="",0,1) -> 0 | Z17: ='Extra look-up'!F11 | AA17: ='Extra look-up'!H11 -> OK | AB17: =IF(AND(V17<>"OK",V17<>""),51,1) -> 1 | AC17: =ROUNDUP(W17,0)+100 -> #VALUE! | AD17: =$AH$101 -> 0.1953
A18: 7 | G18: =IFERROR(((F18/E18)^(1/X18))-1,"") | J18: Wind turbine | M18: =IF(K18="","",K18-L18) | N18: =IFERROR(M18/K18,0) -> 0 | P18: =IF(OR(F18="",M18=""),"",M18*F18/100) | Q18: =IF(OR(P18<=0,P18=""),"",O18/P18) | R18: =IFERROR(IF(D18="Electricity",AD18,HLOOKUP(D18,$AH$100:$AQ$138,2,FALSE)),"") | S18: =IF(OR(D18="",M18="",R18=""),"",M18*R18/1000) | T18: =IF(S18="","",W18*S18) | U18: =IF(ISERROR(O18/T18),"",O18/T18) | V18: =IF('Extra look-up'!$H12="Work Type","Check Work Type",IF(AND(D18="",F18="",H18="",I18="",L18="",M18=""),"",IF(OR(D18="",F18="",H18="",I18="",L18="",M18="",$L$9<>"OK"),"Check all fields completed correctly",IF(AND(D18="",OR(F18<>"",H18<>"",I18<>"",L18<>"")),"Check all fields completed correctly","OK")))) | W18: =IF(I18="","",IF(VLOOKUP(I18,'Eligible Technologies'!$D$7:$G$76,4,FALSE)<$F$9,VLOOKUP(I18,'Eligible Technologies'!$D$7:$G$76,4,FALSE),$F$9)) | X18: =IF(Q18="","",ROUNDUP($Q$65,0)) | Y18: =IF(V18="",0,1) -> 0 | Z18: ='Extra look-up'!F12 | AA18: ='Extra look-up'!H12 -> OK | AB18: =IF(AND(V18<>"OK",V18<>""),51,1) -> 1 | AC18: =ROUNDUP(W18,0)+100 -> #VALUE! | AD18: =$AH$101 -> 0.1953
A19: 8 | G19: =IFERROR(((F19/E19)^(1/X19))-1,"") | J19: Wind turbine | M19: =IF(K19="","",K19-L19) | N19: =IFERROR(M19/K19,0) -> 0 | P19: =IF(OR(F19="",M19=""),"",M19*F19/100) | Q19: =IF(OR(P19<=0,P19=""),"",O19/P19) | R19: =IFERROR(IF(D19="Electricity",AD19,HLOOKUP(D19,$AH$100:$AQ$138,2,FALSE)),"") | S19: =IF(OR(D19="",M19="",R19=""),"",M19*R19/1000) | T19: =IF(S19="","",W19*S19) | U19: =IF(ISERROR(O19/T19),"",O19/T19) | V19: =IF('Extra look-up'!$H13="Work Type","Check Work Type",IF(AND(D19="",F19="",H19="",I19="",L19="",M19=""),"",IF(OR(D19="",F19="",H19="",I19="",L19="",M19="",$L$9<>"OK"),"Check all fields completed correctly",IF(AND(D19="",OR(F19<>"",H19<>"",I19<>"",L19<>"")),"Check all fields completed correctly","OK")))) | W19: =IF(I19="","",IF(VLOOKUP(I19,'Eligible Technologies'!$D$7:$G$76,4,FALSE)<$F$9,VLOOKUP(I19,'Eligible Technologies'!$D$7:$G$76,4,FALSE),$F$9)) | X19: =IF(Q19="","",ROUNDUP($Q$65,0)) | Y19: =IF(V19="",0,1) -> 0 | Z19: ='Extra look-up'!F13 | AA19: ='Extra look-up'!H13 -> OK | AB19: =IF(AND(V19<>"OK",V19<>""),51,1) -> 1 | AC19: =ROUNDUP(W19,0)+100 -> #VALUE! | AD19: =$AH$101 -> 0.1953 | AG19: Emergency Services | AH19: Further Education Institute | AI19: Higher Education Institute | AJ19: Local Authority | AK19: NHS | AL19: Primary School | AM19: Secondary School | AN19: Maintained School | AO19: Client Type Name List
A20: 9 | G20: =IFERROR(((F20/E20)^(1/X20))-1,"") | M20: =IF(K20="","",K20-L20) | N20: =IFERROR(M20/K20,0) -> 0 | P20: =IF(OR(F20="",M20=""),"",M20*F20/100) | Q20: =IF(OR(P20<=0,P20=""),"",O20/P20) | R20: =IFERROR(IF(D20="Electricity",AD20,HLOOKUP(D20,$AH$100:$AQ$138,2,FALSE)),"") | S20: =IF(OR(D20="",M20="",R20=""),"",M20*R20/1000) | T20: =IF(S20="","",W20*S20) | U20: =IF(ISERROR(O20/T20),"",O20/T20) | V20: =IF('Extra look-up'!$H14="Work Type","Check Work Type",IF(AND(D20="",F20="",H20="",I20="",L20="",M20=""),"",IF(OR(D20="",F20="",H20="",I20="",L20="",M20="",$L$9<>"OK"),"Check all fields completed correctly",IF(AND(D20="",OR(F20<>"",H20<>"",I20<>"",L20<>"")),"Check all fields completed correctly","OK")))) | W20: =IF(I20="","",IF(VLOOKUP(I20,'Eligible Technologies'!$D$7:$G$76,4,FALSE)<$F$9,VLOOKUP(I20,'Eligible Technologies'!$D$7:$G$76,4,FALSE),$F$9)) | X20: =IF(Q20="","",ROUNDUP($Q$65,0)) | Y20: =IF(V20="",0,1) -> 0 | Z20: ='Extra look-up'!F14 | AA20: ='Extra look-up'!H14 -> OK | AB20: =IF(AND(V20<>"OK",V20<>""),51,1) -> 1 | AC20: =ROUNDUP(W20,0)+100 -> #VALUE! | AD20: =$AH$101 -> 0.1953 | AG20: Canteen/Cafeteria | AH20: Campus Building | AI20: Campus Building | AJ20: Canteen/Cafeteria | AK20: Ambulance station | AL20: Canteen/Cafeteria | AM20: Canteen/Cafeteria | AN20: Canteen/Cafeteria | AO20: ='Extra look-up'!G126 -> #N/A
A21: 10 | G21: =IFERROR(((F21/E21)^(1/X21))-1,"") | M21: =IF(K21="","",K21-L21) | N21: =IFERROR(M21/K21,0) -> 0 | P21: =IF(OR(F21="",M21=""),"",M21*F21/100) | Q21: =IF(OR(P21<=0,P21=""),"",O21/P21) | R21: =IFERROR(IF(D21="Electricity",AD21,HLOOKUP(D21,$AH$100:$AQ$138,2,FALSE)),"") | S21: =IF(OR(D21="",M21="",R21=""),"",M21*R21/1000) | T21: =IF(S21="","",W21*S21) | U21: =IF(ISERROR(O21/T21),"",O21/T21) | V21: =IF('Extra look-up'!$H15="Work Type","Check Work Type",IF(AND(D21="",F21="",H21="",I21="",L21="",M21=""),"",IF(OR(D21="",F21="",H21="",I21="",L21="",M21="",$L$9<>"OK"),"Check all fields completed correctly",IF(AND(D21="",OR(F21<>"",H21<>"",I21<>"",L21<>"")),"Check all fields completed correctly","OK")))) | W21: =IF(I21="","",IF(VLOOKUP(I21,'Eligible Technologies'!$D$7:$G$76,4,FALSE)<$F$9,VLOOKUP(I21,'Eligible Technologies'!$D$7:$G$76,4,FALSE),$F$9)) | X21: =IF(Q21="","",ROUNDUP($Q$65,0)) | Y21: =IF(V21="",0,1) -> 0 | Z21: ='Extra look-up'!F15 | AA21: ='Extra look-up'!H15 -> OK | AB21: =IF(AND(V21<>"OK",V21<>""),51,1) -> 1 | AC21: =ROUNDUP(W21,0)+100 -> #VALUE! | AD21: =$AH$101 -> 0.1953 | AG21: Car Park | AH21: Canteen/Cafeteria | AI21: Canteen/Cafeteria | AJ21: Car Park | AK21: Canteen/Cafeteria | AL21: Car Park | AM21: Car Park | AN21: Car Park
A22: 11 | G22: =IFERROR(((F22/E22)^(1/X22))-1,"") | M22: =IF(K22="","",K22-L22) | N22: =IFERROR(M22/K22,0) -> 0 | P22: =IF(OR(F22="",M22=""),"",M22*F22/100) | Q22: =IF(OR(P22<=0,P22=""),"",O22/P22) | R22: =IFERROR(IF(D22="Electricity",AD22,HLOOKUP(D22,$AH$100:$AQ$138,2,FALSE)),"") | S22: =IF(OR(D22="",M22="",R22=""),"",M22*R22/1000) | T22: =IF(S22="","",W22*S22) | U22: =IF(ISERROR(O22/T22),"",O22/T22) | V22: =IF('Extra look-up'!$H16="Work Type","Check Work Type",IF(AND(D22="",F22="",H22="",I22="",L22="",M22=""),"",IF(OR(D22="",F22="",H22="",I22="",L22="",M22="",$L$9<>"OK"),"Check all fields completed correctly",IF(AND(D22="",OR(F22<>"",H22<>"",I22<>"",L22<>"")),"Check all fields completed correctly","OK")))) | W22: =IF(I22="","",IF(VLOOKUP(I22,'Eligible Technologies'!$D$7:$G$76,4,FALSE)<$F$9,VLOOKUP(I22,'Eligible Technologies'!$D$7:$G$76,4,FALSE),$F$9)) | X22: =IF(Q22="","",ROUNDUP($Q$65,0)) | Y22: =IF(V22="",0,1) -> 0 | Z22: ='Extra look-up'!F16 | AA22: ='Extra look-up'!H16 -> OK | AB22: =IF(AND(V22<>"OK",V22<>""),51,1) -> 1 | AC22: =ROUNDUP(W22,0)+100 -> #VALUE! | AD22: =$AH$101 -> 0.1953 | AG22: Corridor | AH22: Car park | AI22: Car park | AJ22: Community Centre | AK22: Car Park | AL22: Classroom | AM22: Classroom | AN22: Classroom
A23: 12 | G23: =IFERROR(((F23/E23)^(1/X23))-1,"") | M23: =IF(K23="","",K23-L23) | N23: =IFERROR(M23/K23,0) -> 0 | P23: =IF(OR(F23="",M23=""),"",M23*F23/100) | Q23: =IF(OR(P23<=0,P23=""),"",O23/P23) | R23: =IFERROR(IF(D23="Electricity",AD23,HLOOKUP(D23,$AH$100:$AQ$138,2,FALSE)),"") | S23: =IF(OR(D23="",M23="",R23=""),"",M23*R23/1000) | T23: =IF(S23="","",W23*S23) | U23: =IF(ISERROR(O23/T23),"",O23/T23) | V23: =IF('Extra look-up'!$H17="Work Type","Check Work Type",IF(AND(D23="",F23="",H23="",I23="",L23="",M23=""),"",IF(OR(D23="",F23="",H23="",I23="",L23="",M23="",$L$9<>"OK"),"Check all fields completed correctly",IF(AND(D23="",OR(F23<>"",H23<>"",I23<>"",L23<>"")),"Check all fields completed correctly","OK")))) | W23: =IF(I23="","",IF(VLOOKUP(I23,'Eligible Technologies'!$D$7:$G$76,4,FALSE)<$F$9,VLOOKUP(I23,'Eligible Technologies'!$D$7:$G$76,4,FALSE),$F$9)) | X23: =IF(Q23="","",ROUNDUP($Q$65,0)) | Y23: =IF(V23="",0,1) -> 0 | Z23: ='Extra look-up'!F17 | AA23: ='Extra look-up'!H17 -> OK | AB23: =IF(AND(V23<>"OK",V23<>""),51,1) -> 1 | AC23: =ROUNDUP(W23,0)+100 -> #VALUE! | AD23: =$AH$101 -> 0.1953 | AG23: Data Centre/ IT Facilities | AH23: Classroom | AI23: Classroom | AJ23: Council Office | AK23: Clinical space | AL23: Corridor | AM23: Corridor | AN23: Corridor
A24: 13 | G24: =IFERROR(((F24/E24)^(1/X24))-1,"") | M24: =IF(K24="","",K24-L24) | N24: =IFERROR(M24/K24,0) -> 0 | P24: =IF(OR(F24="",M24=""),"",M24*F24/100) | Q24: =IF(OR(P24<=0,P24=""),"",O24/P24) | R24: =IFERROR(IF(D24="Electricity",AD24,HLOOKUP(D24,$AH$100:$AQ$138,2,FALSE)),"") | S24: =IF(OR(D24="",M24="",R24=""),"",M24*R24/1000) | T24: =IF(S24="","",W24*S24) | U24: =IF(ISERROR(O24/T24),"",O24/T24) | V24: =IF('Extra look-up'!$H18="Work Type","Check Work Type",IF(AND(D24="",F24="",H24="",I24="",L24="",M24=""),"",IF(OR(D24="",F24="",H24="",I24="",L24="",M24="",$L$9<>"OK"),"Check all fields completed correctly",IF(AND(D24="",OR(F24<>"",H24<>"",I24<>"",L24<>"")),"Check all fields completed correctly","OK")))) | W24: =IF(I24="","",IF(VLOOKUP(I24,'Eligible Technologies'!$D$7:$G$76,4,FALSE)<$F$9,VLOOKUP(I24,'Eligible Technologies'!$D$7:$G$76,4,FALSE),$F$9)) | X24: =IF(Q24="","",ROUNDUP($Q$65,0)) | Y24: =IF(V24="",0,1) -> 0 | Z24: ='Extra look-up'!F18 | AA24: ='Extra look-up'!H18 -> OK | AB24: =IF(AND(V24<>"OK",V24<>""),51,1) -> 1 | AC24: =ROUNDUP(W24,0)+100 -> #VALUE! | AD24: =$AH$101 -> 0.1953 | AG24: Fire Rescue Station | AH24: Corridor | AI24: Corridor | AJ24: Gallery/Museum | AK24: Corridors | AL24: Library | AM24: Library | AN24: Library
A25: 14 | G25: =IFERROR(((F25/E25)^(1/X25))-1,"") | M25: =IF(K25="","",K25-L25) | N25: =IFERROR(M25/K25,0) -> 0 | P25: =IF(OR(F25="",M25=""),"",M25*F25/100) | Q25: =IF(OR(P25<=0,P25=""),"",O25/P25) | R25: =IFERROR(IF(D25="Electricity",AD25,HLOOKUP(D25,$AH$100:$AQ$138,2,FALSE)),"") | S25: =IF(OR(D25="",M25="",R25=""),"",M25*R25/1000) | T25: =IF(S25="","",W25*S25) | U25: =IF(ISERROR(O25/T25),"",O25/T25) | V25: =IF('Extra look-up'!$H19="Work Type","Check Work Type",IF(AND(D25="",F25="",H25="",I25="",L25="",M25=""),"",IF(OR(D25="",F25="",H25="",I25="",L25="",M25="",$L$9<>"OK"),"Check all fields completed correctly",IF(AND(D25="",OR(F25<>"",H25<>"",I25<>"",L25<>"")),"Check all fields completed correctly","OK")))) | W25: =IF(I25="","",IF(VLOOKUP(I25,'Eligible Technologies'!$D$7:$G$76,4,FALSE)<$F$9,VLOOKUP(I25,'Eligible Technologies'!$D$7:$G$76,4,FALSE),$F$9)) | X25: =IF(Q25="","",ROUNDUP($Q$65,0)) | Y25: =IF(V25="",0,1) -> 0 | Z25: ='Extra look-up'!F19 | AA25: ='Extra look-up'!H19 -> OK | AB25: =IF(AND(V25<>"OK",V25<>""),51,1) -> 1 | AC25: =ROUNDUP(W25,0)+100 -> #VALUE! | AD25: =$AH$101 -> 0.1953 | AG25: Offices | AH25: Data Centre/ IT Facilities | AI25: Data Centre/ IT Facilities | AJ25: Leisure Centre | AK25: Laboratory | AL25: Offices | AM25: Offices | AN25: Offices
A26: 15 | G26: =IFERROR(((F26/E26)^(1/X26))-1,"") | M26: =IF(K26="","",K26-L26) | N26: =IFERROR(M26/K26,0) -> 0 | P26: =IF(OR(F26="",M26=""),"",M26*F26/100) | Q26: =IF(OR(P26<=0,P26=""),"",O26/P26) | R26: =IFERROR(IF(D26="Electricity",AD26,HLOOKUP(D26,$AH$100:$AQ$138,2,FALSE)),"") | S26: =IF(OR(D26="",M26="",R26=""),"",M26*R26/1000) | T26: =IF(S26="","",W26*S26) | U26: =IF(ISERROR(O26/T26),"",O26/T26) | V26: =IF('Extra look-up'!$H20="Work Type","Check Work Type",IF(AND(D26="",F26="",H26="",I26="",L26="",M26=""),"",IF(OR(D26="",F26="",H26="",I26="",L26="",M26="",$L$9<>"OK"),"Check all fields completed correctly",IF(AND(D26="",OR(F26<>"",H26<>"",I26<>"",L26<>"")),"Check all fields completed correctly","OK")))) | W26: =IF(I26="","",IF(VLOOKUP(I26,'Eligible Technologies'!$D$7:$G$76,4,FALSE)<$F$9,VLOOKUP(I26,'Eligible Technologies'!$D$7:$G$76,4,FALSE),$F$9)) | X26: =IF(Q26="","",ROUNDUP($Q$65,0)) | Y26: =IF(V26="",0,1) -> 0 | Z26: ='Extra look-up'!F20 | AA26: ='Extra look-up'!H20 -> OK | AB26: =IF(AND(V26<>"OK",V26<>""),51,1) -> 1 | AC26: =ROUNDUP(W26,0)+100 -> #VALUE! | AD26: =$AH$101 -> 0.1953 | AG26: Other | AH26: Halls of Residence | AI26: Halls of Residence | AJ26: Library | AK26: Non-clinical space | AL26: Other | AM26: Other | AN26: Other
A27: 16 | G27: =IFERROR(((F27/E27)^(1/X27))-1,"") | M27: =IF(K27="","",K27-L27) | N27: =IFERROR(M27/K27,0) -> 0 | P27: =IF(OR(F27="",M27=""),"",M27*F27/100) | Q27: =IF(OR(P27<=0,P27=""),"",O27/P27) | R27: =IFERROR(IF(D27="Electricity",AD27,HLOOKUP(D27,$AH$100:$AQ$138,2,FALSE)),"") | S27: =IF(OR(D27="",M27="",R27=""),"",M27*R27/1000) | T27: =IF(S27="","",W27*S27) | U27: =IF(ISERROR(O27/T27),"",O27/T27) | V27: =IF('Extra look-up'!$H21="Work Type","Check Work Type",IF(AND(D27="",F27="",H27="",I27="",L27="",M27=""),"",IF(OR(D27="",F27="",H27="",I27="",L27="",M27="",$L$9<>"OK"),"Check all fields completed correctly",IF(AND(D27="",OR(F27<>"",H27<>"",I27<>"",L27<>"")),"Check all fields completed correctly","OK")))) | W27: =IF(I27="","",IF(VLOOKUP(I27,'Eligible Technologies'!$D$7:$G$76,4,FALSE)<$F$9,VLOOKUP(I27,'Eligible Technologies'!$D$7:$G$76,4,FALSE),$F$9)) | X27: =IF(Q27="","",ROUNDUP($Q$65,0)) | Y27: =IF(V27="",0,1) -> 0 | Z27: ='Extra look-up'!F21 | AA27: ='Extra look-up'!H21 -> OK | AB27: =IF(AND(V27<>"OK",V27<>""),51,1) -> 1 | AC27: =ROUNDUP(W27,0)+100 -> #VALUE! | AD27: =$AH$101 -> 0.1953 | AG27: Plant room | AH27: Laboratory | AI27: Laboratory | AJ27: Other | AK27: Other | AL27: Outdoor Sport Facilities | AM27: Outdoor Sport Facilities | AN27: Outdoor Sport Facilities
A28: 17 | G28: =IFERROR(((F28/E28)^(1/X28))-1,"") | M28: =IF(K28="","",K28-L28) | N28: =IFERROR(M28/K28,0) -> 0 | P28: =IF(OR(F28="",M28=""),"",M28*F28/100) | Q28: =IF(OR(P28<=0,P28=""),"",O28/P28) | R28: =IFERROR(IF(D28="Electricity",AD28,HLOOKUP(D28,$AH$100:$AQ$138,2,FALSE)),"") | S28: =IF(OR(D28="",M28="",R28=""),"",M28*R28/1000) | T28: =IF(S28="","",W28*S28) | U28: =IF(ISERROR(O28/T28),"",O28/T28) | V28: =IF('Extra look-up'!$H22="Work Type","Check Work Type",IF(AND(D28="",F28="",H28="",I28="",L28="",M28=""),"",IF(OR(D28="",F28="",H28="",I28="",L28="",M28="",$L$9<>"OK"),"Check all fields completed correctly",IF(AND(D28="",OR(F28<>"",H28<>"",I28<>"",L28<>"")),"Check all fields completed correctly","OK")))) | W28: =IF(I28="","",IF(VLOOKUP(I28,'Eligible Technologies'!$D$7:$G$76,4,FALSE)<$F$9,VLOOKUP(I28,'Eligible Technologies'!$D$7:$G$76,4,FALSE),$F$9)) | X28: =IF(Q28="","",ROUNDUP($Q$65,0)) | Y28: =IF(V28="",0,1) -> 0 | Z28: ='Extra look-up'!F22 | AA28: ='Extra look-up'!H22 -> OK | AB28: =IF(AND(V28<>"OK",V28<>""),51,1) -> 1 | AC28: =ROUNDUP(W28,0)+100 -> #VALUE! | AD28: =$AH$101 -> 0.1953 | AG28: Police Station | AH28: Lecture Room | AI28: Lecture Room | AJ28: Outdoor Sport Facilities | AK28: Plant room | AL28: Plant room | AM28: Plant room | AN28: Plant room
A29: 18 | G29: =IFERROR(((F29/E29)^(1/X29))-1,"") | M29: =IF(K29="","",K29-L29) | N29: =IFERROR(M29/K29,0) -> 0 | P29: =IF(OR(F29="",M29=""),"",M29*F29/100) | Q29: =IF(OR(P29<=0,P29=""),"",O29/P29) | R29: =IFERROR(IF(D29="Electricity",AD29,HLOOKUP(D29,$AH$100:$AQ$138,2,FALSE)),"") | S29: =IF(OR(D29="",M29="",R29=""),"",M29*R29/1000) | T29: =IF(S29="","",W29*S29) | U29: =IF(ISERROR(O29/T29),"",O29/T29) | V29: =IF('Extra look-up'!$H23="Work Type","Check Work Type",IF(AND(D29="",F29="",H29="",I29="",L29="",M29=""),"",IF(OR(D29="",F29="",H29="",I29="",L29="",M29="",$L$9<>"OK"),"Check all fields completed correctly",IF(AND(D29="",OR(F29<>"",H29<>"",I29<>"",L29<>"")),"Check all fields completed correctly","OK")))) | W29: =IF(I29="","",IF(VLOOKUP(I29,'Eligible Technologies'!$D$7:$G$76,4,FALSE)<$F$9,VLOOKUP(I29,'Eligible Technologies'!$D$7:$G$76,4,FALSE),$F$9)) | X29: =IF(Q29="","",ROUNDUP($Q$65,0)) | Y29: =IF(V29="",0,1) -> 0 | Z29: ='Extra look-up'!F23 | AA29: ='Extra look-up'!H23 -> OK | AB29: =IF(AND(V29<>"OK",V29<>""),51,1) -> 1 | AC29: =ROUNDUP(W29,0)+100 -> #VALUE! | AD29: =$AH$101 -> 0.1953 | AG29: Server Room | AH29: Offices | AI29: Offices | AJ29: Plant room | AK29: Site Wide | AL29: Site Wide | AM29: Site Wide | AN29: Site Wide
A30: 19 | G30: =IFERROR(((F30/E30)^(1/X30))-1,"") | M30: =IF(K30="","",K30-L30) | N30: =IFERROR(M30/K30,0) -> 0 | P30: =IF(OR(F30="",M30=""),"",M30*F30/100) | Q30: =IF(OR(P30<=0,P30=""),"",O30/P30) | R30: =IFERROR(IF(D30="Electricity",AD30,HLOOKUP(D30,$AH$100:$AQ$138,2,FALSE)),"") | S30: =IF(OR(D30="",M30="",R30=""),"",M30*R30/1000) | T30: =IF(S30="","",W30*S30) | U30: =IF(ISERROR(O30/T30),"",O30/T30) | V30: =IF('Extra look-up'!$H24="Work Type","Check Work Type",IF(AND(D30="",F30="",H30="",I30="",L30="",M30=""),"",IF(OR(D30="",F30="",H30="",I30="",L30="",M30="",$L$9<>"OK"),"Check all fields completed correctly",IF(AND(D30="",OR(F30<>"",H30<>"",I30<>"",L30<>"")),"Check all fields completed correctly","OK")))) | W30: =IF(I30="","",IF(VLOOKUP(I30,'Eligible Technologies'!$D$7:$G$76,4,FALSE)<$F$9,VLOOKUP(I30,'Eligible Technologies'!$D$7:$G$76,4,FALSE),$F$9)) | X30: =IF(Q30="","",ROUNDUP($Q$65,0)) | Y30: =IF(V30="",0,1) -> 0 | Z30: ='Extra look-up'!F24 | AA30: ='Extra look-up'!H24 -> OK | AB30: =IF(AND(V30<>"OK",V30<>""),51,1) -> 1 | AC30: =ROUNDUP(W30,0)+100 -> #VALUE! | AD30: =$AH$101 -> 0.1953 | AG30: Site Wide | AH30: Other | AI30: Other | AJ30: Renewables Site | AL30: Sports Hall | AM30: Sports Hall | AN30: Sports Hall
A31: 20 | G31: =IFERROR(((F31/E31)^(1/X31))-1,"") | M31: =IF(K31="","",K31-L31) | N31: =IFERROR(M31/K31,0) -> 0 | P31: =IF(OR(F31="",M31=""),"",M31*F31/100) | Q31: =IF(OR(P31<=0,P31=""),"",O31/P31) | R31: =IFERROR(IF(D31="Electricity",AD31,HLOOKUP(D31,$AH$100:$AQ$138,2,FALSE)),"") | S31: =IF(OR(D31="",M31="",R31=""),"",M31*R31/1000) | T31: =IF(S31="","",W31*S31) | U31: =IF(ISERROR(O31/T31),"",O31/T31) | V31: =IF('Extra look-up'!$H25="Work Type","Check Work Type",IF(AND(D31="",F31="",H31="",I31="",L31="",M31=""),"",IF(OR(D31="",F31="",H31="",I31="",L31="",M31="",$L$9<>"OK"),"Check all fields completed correctly",IF(AND(D31="",OR(F31<>"",H31<>"",I31<>"",L31<>"")),"Check all fields completed correctly","OK")))) | W31: =IF(I31="","",IF(VLOOKUP(I31,'Eligible Technologies'!$D$7:$G$76,4,FALSE)<$F$9,VLOOKUP(I31,'Eligible Technologies'!$D$7:$G$76,4,FALSE),$F$9)) | X31: =IF(Q31="","",ROUNDUP($Q$65,0)) | Y31: =IF(V31="",0,1) -> 0 | Z31: ='Extra look-up'!F25 | AA31: ='Extra look-up'!H25 -> OK | AB31: =IF(AND(V31<>"OK",V31<>""),51,1) -> 1 | AC31: =ROUNDUP(W31,0)+100 -> #VALUE! | AD31: =$AH$101 -> 0.1953 | AH31: Outdoor Sport Facilities | AI31: Outdoor Sport Facilities | AJ31: Residential Care Home
A32: 21 | G32: =IFERROR(((F32/E32)^(1/X32))-1,"") | M32: =IF(K32="","",K32-L32) | N32: =IFERROR(M32/K32,0) -> 0 | P32: =IF(OR(F32="",M32=""),"",M32*F32/100) | Q32: =IF(OR(P32<=0,P32=""),"",O32/P32) | R32: =IFERROR(IF(D32="Electricity",AD32,HLOOKUP(D32,$AH$100:$AQ$138,2,FALSE)),"") | S32: =IF(OR(D32="",M32="",R32=""),"",M32*R32/1000) | T32: =IF(S32="","",W32*S32) | U32: =IF(ISERROR(O32/T32),"",O32/T32) | V32: =IF('Extra look-up'!$H26="Work Type","Check Work Type",IF(AND(D32="",F32="",H32="",I32="",L32="",M32=""),"",IF(OR(D32="",F32="",H32="",I32="",L32="",M32="",$L$9<>"OK"),"Check all fields completed correctly",IF(AND(D32="",OR(F32<>"",H32<>"",I32<>"",L32<>"")),"Check all fields completed correctly","OK")))) | W32: =IF(I32="","",IF(VLOOKUP(I32,'Eligible Technologies'!$D$7:$G$76,4,FALSE)<$F$9,VLOOKUP(I32,'Eligible Technologies'!$D$7:$G$76,4,FALSE),$F$9)) | X32: =IF(Q32="","",ROUNDUP($Q$65,0)) | Y32: =IF(V32="",0,1) -> 0 | Z32: ='Extra look-up'!F26 | AA32: ='Extra look-up'!H26 -> OK | AB32: =IF(AND(V32<>"OK",V32<>""),51,1) -> 1 | AC32: =ROUNDUP(W32,0)+100 -> #VALUE! | AD32: =$AH$101 -> 0.1953 | AH32: Plant room | AI32: Plant room | AJ32: Streetlighting
A33: 22 | G33: =IFERROR(((F33/E33)^(1/X33))-1,"") | M33: =IF(K33="","",K33-L33) | N33: =IFERROR(M33/K33,0) -> 0 | P33: =IF(OR(F33="",M33=""),"",M33*F33/100) | Q33: =IF(OR(P33<=0,P33=""),"",O33/P33) | R33: =IFERROR(IF(D33="Electricity",AD33,HLOOKUP(D33,$AH$100:$AQ$138,2,FALSE)),"") | S33: =IF(OR(D33="",M33="",R33=""),"",M33*R33/1000) | T33: =IF(S33="","",W33*S33) | U33: =IF(ISERROR(O33/T33),"",O33/T33) | V33: =IF('Extra look-up'!$H27="Work Type","Check Work Type",IF(AND(D33="",F33="",H33="",I33="",L33="",M33=""),"",IF(OR(D33="",F33="",H33="",I33="",L33="",M33="",$L$9<>"OK"),"Check all fields completed correctly",IF(AND(D33="",OR(F33<>"",H33<>"",I33<>"",L33<>"")),"Check all fields completed correctly","OK")))) | W33: =IF(I33="","",IF(VLOOKUP(I33,'Eligible Technologies'!$D$7:$G$76,4,FALSE)<$F$9,VLOOKUP(I33,'Eligible Technologies'!$D$7:$G$76,4,FALSE),$F$9)) | X33: =IF(Q33="","",ROUNDUP($Q$65,0)) | Y33: =IF(V33="",0,1) -> 0 | Z33: ='Extra look-up'!F27 | AA33: ='Extra look-up'!H27 -> OK | AB33: =IF(AND(V33<>"OK",V33<>""),51,1) -> 1 | AC33: =ROUNDUP(W33,0)+100 -> #VALUE! | AD33: =$AH$101 -> 0.1953 | AH33: Renewables Site | AI33: Renewables Site | AJ33: Warehouse
A34: 23 | G34: =IFERROR(((F34/E34)^(1/X34))-1,"") | M34: =IF(K34="","",K34-L34) | N34: =IFERROR(M34/K34,0) -> 0 | P34: =IF(OR(F34="",M34=""),"",M34*F34/100) | Q34: =IF(OR(P34<=0,P34=""),"",O34/P34) | R34: =IFERROR(IF(D34="Electricity",AD34,HLOOKUP(D34,$AH$100:$AQ$138,2,FALSE)),"") | S34: =IF(OR(D34="",M34="",R34=""),"",M34*R34/1000) | T34: =IF(S34="","",W34*S34) | U34: =IF(ISERROR(O34/T34),"",O34/T34) | V34: =IF('Extra look-up'!$H28="Work Type","Check Work Type",IF(AND(D34="",F34="",H34="",I34="",L34="",M34=""),"",IF(OR(D34="",F34="",H34="",I34="",L34="",M34="",$L$9<>"OK"),"Check all fields completed correctly",IF(AND(D34="",OR(F34<>"",H34<>"",I34<>"",L34<>"")),"Check all fields completed correctly","OK")))) | W34: =IF(I34="","",IF(VLOOKUP(I34,'Eligible Technologies'!$D$7:$G$76,4,FALSE)<$F$9,VLOOKUP(I34,'Eligible Technologies'!$D$7:$G$76,4,FALSE),$F$9)) | X34: =IF(Q34="","",ROUNDUP($Q$65,0)) | Y34: =IF(V34="",0,1) -> 0 | Z34: ='Extra look-up'!F28 | AA34: ='Extra look-up'!H28 -> OK | AB34: =IF(AND(V34<>"OK",V34<>""),51,1) -> 1 | AC34: =ROUNDUP(W34,0)+100 -> #VALUE! | AD34: =$AH$101 -> 0.1953 | AH34: Server Room | AI34: Server Room
A35: 24 | G35: =IFERROR(((F35/E35)^(1/X35))-1,"") | M35: =IF(K35="","",K35-L35) | N35: =IFERROR(M35/K35,0) -> 0 | P35: =IF(OR(F35="",M35=""),"",M35*F35/100) | Q35: =IF(OR(P35<=0,P35=""),"",O35/P35) | R35: =IFERROR(IF(D35="Electricity",AD35,HLOOKUP(D35,$AH$100:$AQ$138,2,FALSE)),"") | S35: =IF(OR(D35="",M35="",R35=""),"",M35*R35/1000) | T35: =IF(S35="","",W35*S35) | U35: =IF(ISERROR(O35/T35),"",O35/T35) | V35: =IF('Extra look-up'!$H29="Work Type","Check Work Type",IF(AND(D35="",F35="",H35="",I35="",L35="",M35=""),"",IF(OR(D35="",F35="",H35="",I35="",L35="",M35="",$L$9<>"OK"),"Check all fields completed correctly",IF(AND(D35="",OR(F35<>"",H35<>"",I35<>"",L35<>"")),"Check all fields completed correctly","OK")))) | W35: =IF(I35="","",IF(VLOOKUP(I35,'Eligible Technologies'!$D$7:$G$76,4,FALSE)<$F$9,VLOOKUP(I35,'Eligible Technologies'!$D$7:$G$76,4,FALSE),$F$9)) | X35: =IF(Q35="","",ROUNDUP($Q$65,0)) | Y35: =IF(V35="",0,1) -> 0 | Z35: ='Extra look-up'!F29 | AA35: ='Extra look-up'!H29 -> OK | AB35: =IF(AND(V35<>"OK",V35<>""),51,1) -> 1 | AC35: =ROUNDUP(W35,0)+100 -> #VALUE! | AD35: =$AH$101 -> 0.1953 | AH35: Site Wide | AI35: Site Wide
A36: 25 | G36: =IFERROR(((F36/E36)^(1/X36))-1,"") | M36: =IF(K36="","",K36-L36) | N36: =IFERROR(M36/K36,0) -> 0 | P36: =IF(OR(F36="",M36=""),"",M36*F36/100) | Q36: =IF(OR(P36<=0,P36=""),"",O36/P36) | R36: =IFERROR(IF(D36="Electricity",AD36,HLOOKUP(D36,$AH$100:$AQ$138,2,FALSE)),"") | S36: =IF(OR(D36="",M36="",R36=""),"",M36*R36/1000) | T36: =IF(S36="","",W36*S36) | U36: =IF(ISERROR(O36/T36),"",O36/T36) | V36: =IF('Extra look-up'!$H30="Work Type","Check Work Type",IF(AND(D36="",F36="",H36="",I36="",L36="",M36=""),"",IF(OR(D36="",F36="",H36="",I36="",L36="",M36="",$L$9<>"OK"),"Check all fields completed correctly",IF(AND(D36="",OR(F36<>"",H36<>"",I36<>"",L36<>"")),"Check all fields completed correctly","OK")))) | W36: =IF(I36="","",IF(VLOOKUP(I36,'Eligible Technologies'!$D$7:$G$76,4,FALSE)<$F$9,VLOOKUP(I36,'Eligible Technologies'!$D$7:$G$76,4,FALSE),$F$9)) | X36: =IF(Q36="","",ROUNDUP($Q$65,0)) | Y36: =IF(V36="",0,1) -> 0 | Z36: ='Extra look-up'!F30 | AA36: ='Extra look-up'!H30 -> OK | AB36: =IF(AND(V36<>"OK",V36<>""),51,1) -> 1 | AC36: =ROUNDUP(W36,0)+100 -> #VALUE! | AD36: =$AH$101 -> 0.1953 | AH36: Sports Hall | AI36: Sports Hall
A37: 26 | G37: =IFERROR(((F37/E37)^(1/X37))-1,"") | M37: =IF(K37="","",K37-L37) | N37: =IFERROR(M37/K37,0) -> 0 | P37: =IF(OR(F37="",M37=""),"",M37*F37/100) | Q37: =IF(OR(P37<=0,P37=""),"",O37/P37) | R37: =IFERROR(IF(D37="Electricity",AD37,HLOOKUP(D37,$AH$100:$AQ$138,2,FALSE)),"") | S37: =IF(OR(D37="",M37="",R37=""),"",M37*R37/1000) | T37: =IF(S37="","",W37*S37) | U37: =IF(ISERROR(O37/T37),"",O37/T37) | V37: =IF('Extra look-up'!$H31="Work Type","Check Work Type",IF(AND(D37="",F37="",H37="",I37="",L37="",M37=""),"",IF(OR(D37="",F37="",H37="",I37="",L37="",M37="",$L$9<>"OK"),"Check all fields completed correctly",IF(AND(D37="",OR(F37<>"",H37<>"",I37<>"",L37<>"")),"Check all fields completed correctly","OK")))) | W37: =IF(I37="","",IF(VLOOKUP(I37,'Eligible Technologies'!$D$7:$G$76,4,FALSE)<$F$9,VLOOKUP(I37,'Eligible Technologies'!$D$7:$G$76,4,FALSE),$F$9)) | X37: =IF(Q37="","",ROUNDUP($Q$65,0)) | Y37: =IF(V37="",0,1) -> 0 | Z37: ='Extra look-up'!F31 | AA37: ='Extra look-up'!H31 -> OK | AB37: =IF(AND(V37<>"OK",V37<>""),51,1) -> 1 | AC37: =ROUNDUP(W37,0)+100 -> #VALUE! | AD37: =$AH$101 -> 0.1953 | AH37: Students Union | AI37: Students Union
A38: 27 | G38: =IFERROR(((F38/E38)^(1/X38))-1,"") | M38: =IF(K38="","",K38-L38) | N38: =IFERROR(M38/K38,0) -> 0 | P38: =IF(OR(F38="",M38=""),"",M38*F38/100) | Q38: =IF(OR(P38<=0,P38=""),"",O38/P38) | R38: =IFERROR(IF(D38="Electricity",AD38,HLOOKUP(D38,$AH$100:$AQ$138,2,FALSE)),"") | S38: =IF(OR(D38="",M38="",R38=""),"",M38*R38/1000) | T38: =IF(S38="","",W38*S38) | U38: =IF(ISERROR(O38/T38),"",O38/T38) | V38: =IF('Extra look-up'!$H32="Work Type","Check Work Type",IF(AND(D38="",F38="",H38="",I38="",L38="",M38=""),"",IF(OR(D38="",F38="",H38="",I38="",L38="",M38="",$L$9<>"OK"),"Check all fields completed correctly",IF(AND(D38="",OR(F38<>"",H38<>"",I38<>"",L38<>"")),"Check all fields completed correctly","OK")))) | W38: =IF(I38="","",IF(VLOOKUP(I38,'Eligible Technologies'!$D$7:$G$76,4,FALSE)<$F$9,VLOOKUP(I38,'Eligible Technologies'!$D$7:$G$76,4,FALSE),$F$9)) | X38: =IF(Q38="","",ROUNDUP($Q$65,0)) | Y38: =IF(V38="",0,1) -> 0 | Z38: ='Extra look-up'!F32 | AA38: ='Extra look-up'!H32 -> OK | AB38: =IF(AND(V38<>"OK",V38<>""),51,1) -> 1 | AC38: =ROUNDUP(W38,0)+100 -> #VALUE! | AD38: =$AH$101 -> 0.1953
A39: 28 | G39: =IFERROR(((F39/E39)^(1/X39))-1,"") | M39: =IF(K39="","",K39-L39) | N39: =IFERROR(M39/K39,0) -> 0 | P39: =IF(OR(F39="",M39=""),"",M39*F39/100) | Q39: =IF(OR(P39<=0,P39=""),"",O39/P39) | R39: =IFERROR(IF(D39="Electricity",AD39,HLOOKUP(D39,$AH$100:$AQ$138,2,FALSE)),"") | S39: =IF(OR(D39="",M39="",R39=""),"",M39*R39/1000) | T39: =IF(S39="","",W39*S39) | U39: =IF(ISERROR(O39/T39),"",O39/T39) | V39: =IF('Extra look-up'!$H33="Work Type","Check Work Type",IF(AND(D39="",F39="",H39="",I39="",L39="",M39=""),"",IF(OR(D39="",F39="",H39="",I39="",L39="",M39="",$L$9<>"OK"),"Check all fields completed correctly",IF(AND(D39="",OR(F39<>"",H39<>"",I39<>"",L39<>"")),"Check all fields completed correctly","OK")))) | W39: =IF(I39="","",IF(VLOOKUP(I39,'Eligible Technologies'!$D$7:$G$76,4,FALSE)<$F$9,VLOOKUP(I39,'Eligible Technologies'!$D$7:$G$76,4,FALSE),$F$9)) | X39: =IF(Q39="","",ROUNDUP($Q$65,0)) | Y39: =IF(V39="",0,1) -> 0 | Z39: ='Extra look-up'!F33 | AA39: ='Extra look-up'!H33 -> OK | AB39: =IF(AND(V39<>"OK",V39<>""),51,1) -> 1 | AC39: =ROUNDUP(W39,0)+100 -> #VALUE! | AD39: =$AH$101 -> 0.1953
A40: 29 | G40: =IFERROR(((F40/E40)^(1/X40))-1,"") | M40: =IF(K40="","",K40-L40) | N40: =IFERROR(M40/K40,0) -> 0 | P40: =IF(OR(F40="",M40=""),"",M40*F40/100) | Q40: =IF(OR(P40<=0,P40=""),"",O40/P40) | R40: =IFERROR(IF(D40="Electricity",AD40,HLOOKUP(D40,$AH$100:$AQ$138,2,FALSE)),"") | S40: =IF(OR(D40="",M40="",R40=""),"",M40*R40/1000) | T40: =IF(S40="","",W40*S40) | U40: =IF(ISERROR(O40/T40),"",O40/T40) | V40: =IF('Extra look-up'!$H34="Work Type","Check Work Type",IF(AND(D40="",F40="",H40="",I40="",L40="",M40=""),"",IF(OR(D40="",F40="",H40="",I40="",L40="",M40="",$L$9<>"OK"),"Check all fields completed correctly",IF(AND(D40="",OR(F40<>"",H40<>"",I40<>"",L40<>"")),"Check all fields completed correctly","OK")))) | W40: =IF(I40="","",IF(VLOOKUP(I40,'Eligible Technologies'!$D$7:$G$76,4,FALSE)<$F$9,VLOOKUP(I40,'Eligible Technologies'!$D$7:$G$76,4,FALSE),$F$9)) | X40: =IF(Q40="","",ROUNDUP($Q$65,0)) | Y40: =IF(V40="",0,1) -> 0 | Z40: ='Extra look-up'!F34 | AA40: ='Extra look-up'!H34 -> OK | AB40: =IF(AND(V40<>"OK",V40<>""),51,1) -> 1 | AC40: =ROUNDUP(W40,0)+100 -> #VALUE! | AD40: =$AH$101 -> 0.1953
A41: 30 | G41: =IFERROR(((F41/E41)^(1/X41))-1,"") | M41: =IF(K41="","",K41-L41) | N41: =IFERROR(M41/K41,0) -> 0 | P41: =IF(OR(F41="",M41=""),"",M41*F41/100) | Q41: =IF(OR(P41<=0,P41=""),"",O41/P41) | R41: =IFERROR(IF(D41="Electricity",AD41,HLOOKUP(D41,$AH$100:$AQ$138,2,FALSE)),"") | S41: =IF(OR(D41="",M41="",R41=""),"",M41*R41/1000) | T41: =IF(S41="","",W41*S41) | U41: =IF(ISERROR(O41/T41),"",O41/T41) | V41: =IF('Extra look-up'!$H35="Work Type","Check Work Type",IF(AND(D41="",F41="",H41="",I41="",L41="",M41=""),"",IF(OR(D41="",F41="",H41="",I41="",L41="",M41="",$L$9<>"OK"),"Check all fields completed correctly",IF(AND(D41="",OR(F41<>"",H41<>"",I41<>"",L41<>"")),"Check all fields completed correctly","OK")))) | W41: =IF(I41="","",IF(VLOOKUP(I41,'Eligible Technologies'!$D$7:$G$76,4,FALSE)<$F$9,VLOOKUP(I41,'Eligible Technologies'!$D$7:$G$76,4,FALSE),$F$9)) | X41: =IF(Q41="","",ROUNDUP($Q$65,0)) | Y41: =IF(V41="",0,1) -> 0 | Z41: ='Extra look-up'!F35 | AA41: ='Extra look-up'!H35 -> OK | AB41: =IF(AND(V41<>"OK",V41<>""),51,1) -> 1 | AC41: =ROUNDUP(W41,0)+100 -> #VALUE! | AD41: =$AH$101 -> 0.1953
A42: 31 | G42: =IFERROR(((F42/E42)^(1/X42))-1,"") | M42: =IF(K42="","",K42-L42) | N42: =IFERROR(M42/K42,0) -> 0 | P42: =IF(OR(F42="",M42=""),"",M42*F42/100) | Q42: =IF(OR(P42<=0,P42=""),"",O42/P42) | R42: =IFERROR(IF(D42="Electricity",AD42,HLOOKUP(D42,$AH$100:$AQ$138,2,FALSE)),"") | S42: =IF(OR(D42="",M42="",R42=""),"",M42*R42/1000) | T42: =IF(S42="","",W42*S42) | U42: =IF(ISERROR(O42/T42),"",O42/T42) | V42: =IF('Extra look-up'!$H36="Work Type","Check Work Type",IF(AND(D42="",F42="",H42="",I42="",L42="",M42=""),"",IF(OR(D42="",F42="",H42="",I42="",L42="",M42="",$L$9<>"OK"),"Check all fields completed correctly",IF(AND(D42="",OR(F42<>"",H42<>"",I42<>"",L42<>"")),"Check all fields completed correctly","OK")))) | W42: =IF(I42="","",IF(VLOOKUP(I42,'Eligible Technologies'!$D$7:$G$76,4,FALSE)<$F$9,VLOOKUP(I42,'Eligible Technologies'!$D$7:$G$76,4,FALSE),$F$9)) | X42: =IF(Q42="","",ROUNDUP($Q$65,0)) | Y42: =IF(V42="",0,1) -> 0 | Z42: ='Extra look-up'!F36 | AA42: ='Extra look-up'!H36 -> OK | AB42: =IF(AND(V42<>"OK",V42<>""),51,1) -> 1 | AC42: =ROUNDUP(W42,0)+100 -> #VALUE! | AD42: =$AH$101 -> 0.1953
A43: 32 | G43: =IFERROR(((F43/E43)^(1/X43))-1,"") | M43: =IF(K43="","",K43-L43) | N43: =IFERROR(M43/K43,0) -> 0 | P43: =IF(OR(F43="",M43=""),"",M43*F43/100) | Q43: =IF(OR(P43<=0,P43=""),"",O43/P43) | R43: =IFERROR(IF(D43="Electricity",AD43,HLOOKUP(D43,$AH$100:$AQ$138,2,FALSE)),"") | S43: =IF(OR(D43="",M43="",R43=""),"",M43*R43/1000) | T43: =IF(S43="","",W43*S43) | U43: =IF(ISERROR(O43/T43),"",O43/T43) | V43: =IF('Extra look-up'!$H69="Work Type","Check Work Type",IF(AND(D43="",F43="",H43="",I43="",L43="",M43=""),"",IF(OR(D43="",F43="",H43="",I43="",L43="",M43="",$L$9<>"OK"),"Check all fields completed correctly",IF(AND(D43="",OR(F43<>"",H43<>"",I43<>"",L43<>"")),"Check all fields completed correctly","OK")))) | W43: =IF(I43="","",IF(VLOOKUP(I43,'Eligible Technologies'!$D$7:$G$76,4,FALSE)<$F$9,VLOOKUP(I43,'Eligible Technologies'!$D$7:$G$76,4,FALSE),$F$9)) | X43: =IF(Q43="","",ROUNDUP($Q$65,0)) | Y43: =IF(V43="",0,1) -> 0 | Z43: ='Extra look-up'!F37 | AA43: ='Extra look-up'!H37 -> OK | AB43: =IF(AND(V43<>"OK",V43<>""),51,1) -> 1 | AC43: =ROUNDUP(W43,0)+100 -> #VALUE! | AD43: =$AH$101 -> 0.1953
A44: 33 | G44: =IFERROR(((F44/E44)^(1/X44))-1,"") | M44: =IF(K44="","",K44-L44) | N44: =IFERROR(M44/K44,0) -> 0 | P44: =IF(OR(F44="",M44=""),"",M44*F44/100) | Q44: =IF(OR(P44<=0,P44=""),"",O44/P44) | R44: =IFERROR(IF(D44="Electricity",AD44,HLOOKUP(D44,$AH$100:$AQ$138,2,FALSE)),"") | S44: =IF(OR(D44="",M44="",R44=""),"",M44*R44/1000) | T44: =IF(S44="","",W44*S44) | U44: =IF(ISERROR(O44/T44),"",O44/T44) | V44: =IF('Extra look-up'!$H70="Work Type","Check Work Type",IF(AND(D44="",F44="",H44="",I44="",L44="",M44=""),"",IF(OR(D44="",F44="",H44="",I44="",L44="",M44="",$L$9<>"OK"),"Check all fields completed correctly",IF(AND(D44="",OR(F44<>"",H44<>"",I44<>"",L44<>"")),"Check all fields completed correctly","OK")))) | W44: =IF(I44="","",IF(VLOOKUP(I44,'Eligible Technologies'!$D$7:$G$76,4,FALSE)<$F$9,VLOOKUP(I44,'Eligible Technologies'!$D$7:$G$76,4,FALSE),$F$9)) | X44: =IF(Q44="","",ROUNDUP($Q$65,0)) | Y44: =IF(V44="",0,1) -> 0 | Z44: ='Extra look-up'!F38 | AA44: ='Extra look-up'!H38 -> OK | AB44: =IF(AND(V44<>"OK",V44<>""),51,1) -> 1 | AC44: =ROUNDUP(W44,0)+100 -> #VALUE! | AD44: =$AH$101 -> 0.1953
A45: 34 | G45: =IFERROR(((F45/E45)^(1/X45))-1,"") | M45: =IF(K45="","",K45-L45) | N45: =IFERROR(M45/K45,0) -> 0 | P45: =IF(OR(F45="",M45=""),"",M45*F45/100) | Q45: =IF(OR(P45<=0,P45=""),"",O45/P45) | R45: =IFERROR(IF(D45="Electricity",AD45,HLOOKUP(D45,$AH$100:$AQ$138,2,FALSE)),"") | S45: =IF(OR(D45="",M45="",R45=""),"",M45*R45/1000) | T45: =IF(S45="","",W45*S45) | U45: =IF(ISERROR(O45/T45),"",O45/T45) | V45: =IF('Extra look-up'!$H71="Work Type","Check Work Type",IF(AND(D45="",F45="",H45="",I45="",L45="",M45=""),"",IF(OR(D45="",F45="",H45="",I45="",L45="",M45="",$L$9<>"OK"),"Check all fields completed correctly",IF(AND(D45="",OR(F45<>"",H45<>"",I45<>"",L45<>"")),"Check all fields completed correctly","OK")))) | W45: =IF(I45="","",IF(VLOOKUP(I45,'Eligible Technologies'!$D$7:$G$76,4,FALSE)<$F$9,VLOOKUP(I45,'Eligible Technologies'!$D$7:$G$76,4,FALSE),$F$9)) | X45: =IF(Q45="","",ROUNDUP($Q$65,0)) | Y45: =IF(V45="",0,1) -> 0 | Z45: ='Extra look-up'!F39 | AA45: ='Extra look-up'!H39 -> OK | AB45: =IF(AND(V45<>"OK",V45<>""),51,1) -> 1 | AC45: =ROUNDUP(W45,0)+100 -> #VALUE! | AD45: =$AH$101 -> 0.1953
A46: 35 | G46: =IFERROR(((F46/E46)^(1/X46))-1,"") | M46: =IF(K46="","",K46-L46) | N46: =IFERROR(M46/K46,0) -> 0 | P46: =IF(OR(F46="",M46=""),"",M46*F46/100) | Q46: =IF(OR(P46<=0,P46=""),"",O46/P46) | R46: =IFERROR(IF(D46="Electricity",AD46,HLOOKUP(D46,$AH$100:$AQ$138,2,FALSE)),"") | S46: =IF(OR(D46="",M46="",R46=""),"",M46*R46/1000) | T46: =IF(S46="","",W46*S46) | U46: =IF(ISERROR(O46/T46),"",O46/T46) | V46: =IF('Extra look-up'!$H72="Work Type","Check Work Type",IF(AND(D46="",F46="",H46="",I46="",L46="",M46=""),"",IF(OR(D46="",F46="",H46="",I46="",L46="",M46="",$L$9<>"OK"),"Check all fields completed correctly",IF(AND(D46="",OR(F46<>"",H46<>"",I46<>"",L46<>"")),"Check all fields completed correctly","OK")))) | W46: =IF(I46="","",IF(VLOOKUP(I46,'Eligible Technologies'!$D$7:$G$76,4,FALSE)<$F$9,VLOOKUP(I46,'Eligible Technologies'!$D$7:$G$76,4,FALSE),$F$9)) | X46: =IF(Q46="","",ROUNDUP($Q$65,0)) | Y46: =IF(V46="",0,1) -> 0 | Z46: ='Extra look-up'!F40 | AA46: ='Extra look-up'!H40 -> OK | AB46: =IF(AND(V46<>"OK",V46<>""),51,1) -> 1 | AC46: =ROUNDUP(W46,0)+100 -> #VALUE! | AD46: =$AH$101 -> 0.1953
A47: 36 | G47: =IFERROR(((F47/E47)^(1/X47))-1,"") | M47: =IF(K47="","",K47-L47) | N47: =IFERROR(M47/K47,0) -> 0 | P47: =IF(OR(F47="",M47=""),"",M47*F47/100) | Q47: =IF(OR(P47<=0,P47=""),"",O47/P47) | R47: =IFERROR(IF(D47="Electricity",AD47,HLOOKUP(D47,$AH$100:$AQ$138,2,FALSE)),"") | S47: =IF(OR(D47="",M47="",R47=""),"",M47*R47/1000) | T47: =IF(S47="","",W47*S47) | U47: =IF(ISERROR(O47/T47),"",O47/T47) | V47: =IF('Extra look-up'!$H73="Work Type","Check Work Type",IF(AND(D47="",F47="",H47="",I47="",L47="",M47=""),"",IF(OR(D47="",F47="",H47="",I47="",L47="",M47="",$L$9<>"OK"),"Check all fields completed correctly",IF(AND(D47="",OR(F47<>"",H47<>"",I47<>"",L47<>"")),"Check all fields completed correctly","OK")))) | W47: =IF(I47="","",IF(VLOOKUP(I47,'Eligible Technologies'!$D$7:$G$76,4,FALSE)<$F$9,VLOOKUP(I47,'Eligible Technologies'!$D$7:$G$76,4,FALSE),$F$9)) | X47: =IF(Q47="","",ROUNDUP($Q$65,0)) | Y47: =IF(V47="",0,1) -> 0 | Z47: ='Extra look-up'!F41 | AA47: ='Extra look-up'!H41 -> OK | AB47: =IF(AND(V47<>"OK",V47<>""),51,1) -> 1 | AC47: =ROUNDUP(W47,0)+100 -> #VALUE! | AD47: =$AH$101 -> 0.1953
A48: 37 | G48: =IFERROR(((F48/E48)^(1/X48))-1,"") | M48: =IF(K48="","",K48-L48) | N48: =IFERROR(M48/K48,0) -> 0 | P48: =IF(OR(F48="",M48=""),"",M48*F48/100) | Q48: =IF(OR(P48<=0,P48=""),"",O48/P48) | R48: =IFERROR(IF(D48="Electricity",AD48,HLOOKUP(D48,$AH$100:$AQ$138,2,FALSE)),"") | S48: =IF(OR(D48="",M48="",R48=""),"",M48*R48/1000) | T48: =IF(S48="","",W48*S48) | U48: =IF(ISERROR(O48/T48),"",O48/T48) | V48: =IF('Extra look-up'!$H74="Work Type","Check Work Type",IF(AND(D48="",F48="",H48="",I48="",L48="",M48=""),"",IF(OR(D48="",F48="",H48="",I48="",L48="",M48="",$L$9<>"OK"),"Check all fields completed correctly",IF(AND(D48="",OR(F48<>"",H48<>"",I48<>"",L48<>"")),"Check all fields completed correctly","OK")))) | W48: =IF(I48="","",IF(VLOOKUP(I48,'Eligible Technologies'!$D$7:$G$76,4,FALSE)<$F$9,VLOOKUP(I48,'Eligible Technologies'!$D$7:$G$76,4,FALSE),$F$9)) | X48: =IF(Q48="","",ROUNDUP($Q$65,0)) | Y48: =IF(V48="",0,1) -> 0 | Z48: ='Extra look-up'!F42 | AA48: ='Extra look-up'!H42 -> OK | AB48: =IF(AND(V48<>"OK",V48<>""),51,1) -> 1 | AC48: =ROUNDUP(W48,0)+100 -> #VALUE! | AD48: =$AH$101 -> 0.1953
A49: 38 | G49: =IFERROR(((F49/E49)^(1/X49))-1,"") | M49: =IF(K49="","",K49-L49) | N49: =IFERROR(M49/K49,0) -> 0 | P49: =IF(OR(F49="",M49=""),"",M49*F49/100) | Q49: =IF(OR(P49<=0,P49=""),"",O49/P49) | R49: =IFERROR(IF(D49="Electricity",AD49,HLOOKUP(D49,$AH$100:$AQ$138,2,FALSE)),"") | S49: =IF(OR(D49="",M49="",R49=""),"",M49*R49/1000) | T49: =IF(S49="","",W49*S49) | U49: =IF(ISERROR(O49/T49),"",O49/T49) | V49: =IF('Extra look-up'!$H75="Work Type","Check Work Type",IF(AND(D49="",F49="",H49="",I49="",L49="",M49=""),"",IF(OR(D49="",F49="",H49="",I49="",L49="",M49="",$L$9<>"OK"),"Check all fields completed correctly",IF(AND(D49="",OR(F49<>"",H49<>"",I49<>"",L49<>"")),"Check all fields completed correctly","OK")))) | W49: =IF(I49="","",IF(VLOOKUP(I49,'Eligible Technologies'!$D$7:$G$76,4,FALSE)<$F$9,VLOOKUP(I49,'Eligible Technologies'!$D$7:$G$76,4,FALSE),$F$9)) | X49: =IF(Q49="","",ROUNDUP($Q$65,0)) | Y49: =IF(V49="",0,1) -> 0 | Z49: ='Extra look-up'!F43 | AA49: ='Extra look-up'!H43 -> OK | AB49: =IF(AND(V49<>"OK",V49<>""),51,1) -> 1 | AC49: =ROUNDUP(W49,0)+100 -> #VALUE! | AD49: =$AH$101 -> 0.1953
A50: 39 | G50: =IFERROR(((F50/E50)^(1/X50))-1,"") | M50: =IF(K50="","",K50-L50) | N50: =IFERROR(M50/K50,0) -> 0 | P50: =IF(OR(F50="",M50=""),"",M50*F50/100) | Q50: =IF(OR(P50<=0,P50=""),"",O50/P50) | R50: =IFERROR(IF(D50="Electricity",AD50,HLOOKUP(D50,$AH$100:$AQ$138,2,FALSE)),"") | S50: =IF(OR(D50="",M50="",R50=""),"",M50*R50/1000) | T50: =IF(S50="","",W50*S50) | U50: =IF(ISERROR(O50/T50),"",O50/T50) | V50: =IF('Extra look-up'!$H76="Work Type","Check Work Type",IF(AND(D50="",F50="",H50="",I50="",L50="",M50=""),"",IF(OR(D50="",F50="",H50="",I50="",L50="",M50="",$L$9<>"OK"),"Check all fields completed correctly",IF(AND(D50="",OR(F50<>"",H50<>"",I50<>"",L50<>"")),"Check all fields completed correctly","OK")))) | W50: =IF(I50="","",IF(VLOOKUP(I50,'Eligible Technologies'!$D$7:$G$76,4,FALSE)<$F$9,VLOOKUP(I50,'Eligible Technologies'!$D$7:$G$76,4,FALSE),$F$9)) | X50: =IF(Q50="","",ROUNDUP($Q$65,0)) | Y50: =IF(V50="",0,1) -> 0 | Z50: ='Extra look-up'!F44 | AA50: ='Extra look-up'!H44 -> OK | AB50: =IF(AND(V50<>"OK",V50<>""),51,1) -> 1 | AC50: =ROUNDUP(W50,0)+100 -> #VALUE! | AD50: =$AH$101 -> 0.1953
A51: 40 | G51: =IFERROR(((F51/E51)^(1/X51))-1,"") | M51: =IF(K51="","",K51-L51) | N51: =IFERROR(M51/K51,0) -> 0 | P51: =IF(OR(F51="",M51=""),"",M51*F51/100) | Q51: =IF(OR(P51<=0,P51=""),"",O51/P51) | R51: =IFERROR(IF(D51="Electricity",AD51,HLOOKUP(D51,$AH$100:$AQ$138,2,FALSE)),"") | S51: =IF(OR(D51="",M51="",R51=""),"",M51*R51/1000) | T51: =IF(S51="","",W51*S51) | U51: =IF(ISERROR(O51/T51),"",O51/T51) | V51: =IF('Extra look-up'!$H77="Work Type","Check Work Type",IF(AND(D51="",F51="",H51="",I51="",L51="",M51=""),"",IF(OR(D51="",F51="",H51="",I51="",L51="",M51="",$L$9<>"OK"),"Check all fields completed correctly",IF(AND(D51="",OR(F51<>"",H51<>"",I51<>"",L51<>"")),"Check all fields completed correctly","OK")))) | W51: =IF(I51="","",IF(VLOOKUP(I51,'Eligible Technologies'!$D$7:$G$76,4,FALSE)<$F$9,VLOOKUP(I51,'Eligible Technologies'!$D$7:$G$76,4,FALSE),$F$9)) | X51: =IF(Q51="","",ROUNDUP($Q$65,0)) | Y51: =IF(V51="",0,1) -> 0 | Z51: ='Extra look-up'!F45 | AA51: ='Extra look-up'!H45 -> OK | AB51: =IF(AND(V51<>"OK",V51<>""),51,1) -> 1 | AC51: =ROUNDUP(W51,0)+100 -> #VALUE! | AD51: =$AH$101 -> 0.1953
A52: 41 | G52: =IFERROR(((F52/E52)^(1/X52))-1,"") | M52: =IF(K52="","",K52-L52) | N52: =IFERROR(M52/K52,0) -> 0 | P52: =IF(OR(F52="",M52=""),"",M52*F52/100) | Q52: =IF(OR(P52<=0,P52=""),"",O52/P52) | R52: =IFERROR(IF(D52="Electricity",AD52,HLOOKUP(D52,$AH$100:$AQ$138,2,FALSE)),"") | S52: =IF(OR(D52="",M52="",R52=""),"",M52*R52/1000) | T52: =IF(S52="","",W52*S52) | U52: =IF(ISERROR(O52/T52),"",O52/T52) | V52: =IF('Extra look-up'!$H78="Work Type","Check Work Type",IF(AND(D52="",F52="",H52="",I52="",L52="",M52=""),"",IF(OR(D52="",F52="",H52="",I52="",L52="",M52="",$L$9<>"OK"),"Check all fields completed correctly",IF(AND(D52="",OR(F52<>"",H52<>"",I52<>"",L52<>"")),"Check all fields completed correctly","OK")))) | W52: =IF(I52="","",IF(VLOOKUP(I52,'Eligible Technologies'!$D$7:$G$76,4,FALSE)<$F$9,VLOOKUP(I52,'Eligible Technologies'!$D$7:$G$76,4,FALSE),$F$9)) | X52: =IF(Q52="","",ROUNDUP($Q$65,0)) | Y52: =IF(V52="",0,1) -> 0 | Z52: ='Extra look-up'!F46 | AA52: ='Extra look-up'!H46 -> OK | AB52: =IF(AND(V52<>"OK",V52<>""),51,1) -> 1 | AC52: =ROUNDUP(W52,0)+100 -> #VALUE! | AD52: =$AH$101 -> 0.1953
A53: 42 | G53: =IFERROR(((F53/E53)^(1/X53))-1,"") | M53: =IF(K53="","",K53-L53) | N53: =IFERROR(M53/K53,0) -> 0 | P53: =IF(OR(F53="",M53=""),"",M53*F53/100) | Q53: =IF(OR(P53<=0,P53=""),"",O53/P53) | R53: =IFERROR(IF(D53="Electricity",AD53,HLOOKUP(D53,$AH$100:$AQ$138,2,FALSE)),"") | S53: =IF(OR(D53="",M53="",R53=""),"",M53*R53/1000) | T53: =IF(S53="","",W53*S53) | U53: =IF(ISERROR(O53/T53),"",O53/T53) | V53: =IF('Extra look-up'!$H79="Work Type","Check Work Type",IF(AND(D53="",F53="",H53="",I53="",L53="",M53=""),"",IF(OR(D53="",F53="",H53="",I53="",L53="",M53="",$L$9<>"OK"),"Check all fields completed correctly",IF(AND(D53="",OR(F53<>"",H53<>"",I53<>"",L53<>"")),"Check all fields completed correctly","OK")))) | W53: =IF(I53="","",IF(VLOOKUP(I53,'Eligible Technologies'!$D$7:$G$76,4,FALSE)<$F$9,VLOOKUP(I53,'Eligible Technologies'!$D$7:$G$76,4,FALSE),$F$9)) | X53: =IF(Q53="","",ROUNDUP($Q$65,0)) | Y53: =IF(V53="",0,1) -> 0 | Z53: ='Extra look-up'!F47 | AA53: ='Extra look-up'!H47 -> OK | AB53: =IF(AND(V53<>"OK",V53<>""),51,1) -> 1 | AC53: =ROUNDUP(W53,0)+100 -> #VALUE! | AD53: =$AH$101 -> 0.1953
A54: 43 | G54: =IFERROR(((F54/E54)^(1/X54))-1,"") | M54: =IF(K54="","",K54-L54) | N54: =IFERROR(M54/K54,0) -> 0 | P54: =IF(OR(F54="",M54=""),"",M54*F54/100) | Q54: =IF(OR(P54<=0,P54=""),"",O54/P54) | R54: =IFERROR(IF(D54="Electricity",AD54,HLOOKUP(D54,$AH$100:$AQ$138,2,FALSE)),"") | S54: =IF(OR(D54="",M54="",R54=""),"",M54*R54/1000) | T54: =IF(S54="","",W54*S54) | U54: =IF(ISERROR(O54/T54),"",O54/T54) | V54: =IF('Extra look-up'!$H80="Work Type","Check Work Type",IF(AND(D54="",F54="",H54="",I54="",L54="",M54=""),"",IF(OR(D54="",F54="",H54="",I54="",L54="",M54="",$L$9<>"OK"),"Check all fields completed correctly",IF(AND(D54="",OR(F54<>"",H54<>"",I54<>"",L54<>"")),"Check all fields completed correctly","OK")))) | W54: =IF(I54="","",IF(VLOOKUP(I54,'Eligible Technologies'!$D$7:$G$76,4,FALSE)<$F$9,VLOOKUP(I54,'Eligible Technologies'!$D$7:$G$76,4,FALSE),$F$9)) | X54: =IF(Q54="","",ROUNDUP($Q$65,0)) | Y54: =IF(V54="",0,1) -> 0 | Z54: ='Extra look-up'!F48 | AA54: ='Extra look-up'!H48 -> OK | AB54: =IF(AND(V54<>"OK",V54<>""),51,1) -> 1 | AC54: =ROUNDUP(W54,0)+100 -> #VALUE! | AD54: =$AH$101 -> 0.1953
... A60: 49 | G60: =IFERROR(((F60/E60)^(1/X60))-1,"") | M60: =IF(K60="","",K60-L60) | N60: =IFERROR(M60/K60,0) -> 0 | P60: =IF(OR(F60="",M60=""),"",M60*F60/100) | Q60: =IF(OR(P60<=0,P60=""),"",O60/P60) | R60: =IFERROR(IF(D60="Electricity",AD60,HLOOKUP(D60,$AH$100:$AQ$138,2,FALSE)),"") | S60: =IF(OR(D60="",M60="",R60=""),"",M60*R60/1000) | T60: =IF(S60="","",W60*S60) | U60: =IF(ISERROR(O60/T60),"",O60/T60) | V60: =IF('Extra look-up'!$H86="Work Type","Check Work Type",IF(AND(D60="",F60="",H60="",I60="",L60="",M60=""),"",IF(OR(D60="",F60="",H60="",I60="",L60="",M60="",$L$9<>"OK"),"Check all fields completed correctly",IF(AND(D60="",OR(F60<>"",H60<>"",I60<>"",L60<>"")),"Check all fields completed correctly","OK")))) | W60: =IF(I60="","",IF(VLOOKUP(I60,'Eligible Technologies'!$D$7:$G$76,4,FALSE)<$F$9,VLOOKUP(I60,'Eligible Technologies'!$D$7:$G$76,4,FALSE),$F$9)) | X60: =IF(Q60="","",ROUNDUP($Q$65,0)) | Y60: =IF(V60="",0,1) -> 0 | Z60: ='Extra look-up'!F54 | AA60: ='Extra look-up'!H54 -> OK | AB60: =IF(AND(V60<>"OK",V60<>""),51,1) -> 1 | AC60: =ROUNDUP(W60,0)+100 -> #VALUE! | AD60: =$AH$101 -> 0.1953
A61: 50 | G61: =IFERROR(((F61/E61)^(1/X61))-1,"") | H61: Lab upgrades | I61: Energy efficient drying cabinets | M61: =IF(K61="","",K61-L61) | N61: =IFERROR(M61/K61,0) -> 0 | P61: =IF(OR(F61="",M61=""),"",M61*F61/100) | Q61: =IF(OR(P61<=0,P61=""),"",O61/P61) | R61: =IFERROR(IF(D61="Electricity",AD61,HLOOKUP(D61,$AH$100:$AQ$138,2,FALSE)),"") | S61: =IF(OR(D61="",M61="",R61=""),"",M61*R61/1000) | T61: =IF(S61="","",W61*S61) | U61: =IF(ISERROR(O61/T61),"",O61/T61) | V61: =IF('Extra look-up'!$H87="Work Type","Check Work Type",IF(AND(D61="",F61="",H61="",I61="",L61="",M61=""),"",IF(OR(D61="",F61="",H61="",I61="",L61="",M61="",$L$9<>"OK"),"Check all fields completed correctly",IF(AND(D61="",OR(F61<>"",H61<>"",I61<>"",L61<>"")),"Check all fields completed correctly","OK")))) -> Check all fields completed correctly | W61: =IF(I61="","",IF(VLOOKUP(I61,'Eligible Technologies'!$D$7:$G$76,4,FALSE)<$F$9,VLOOKUP(I61,'Eligible Technologies'!$D$7:$G$76,4,FALSE),$F$9)) -> 0 | X61: =IF(Q61="","",ROUNDUP($Q$65,0)) | Y61: =IF(V61="",0,1) -> 1 | Z61: ='Extra look-up'!F55 -> Lab_upgrades | AA61: ='Extra look-up'!H55 -> OK | AB61: =IF(AND(V61<>"OK",V61<>""),51,1) -> 51 | AC61: =ROUNDUP(W61,0)+100 -> 100 | AD61: =$AH$101 -> 0.1953
Y62: =SUM(Y12:Y61) -> 1 | AB62: =SUM(AB12:AB61) -> 100
N64: Total Salix Funding Requested | O64: Total Project Value | P64: Total Financial Savings | Q64: Payback in Years | R64: Total kg/kWh | S64: Total tCO2e pa | T64: Total tCO2e LT | U64: £/tCO2e LT | V64: Compliancy
O65: =IF(OR(L9<>"OK",$D$4=""),"",SUM(O12:O61)) | P65: =IF(OR(L9<>"OK",$D$4=""),"",SUM(P12:P61)) | Q65: =IF(OR(P65<=0,P65=""),"",N65/P65) | R65: =IF(Q65="","",SUM(R12:R61)) | S65: =IF(R65="","",SUM(S12:S61)) | T65: =IF(S65="","",SUM(T12:T61)) | U65: =IF(ISERROR(N65/T65),"",N65/T65) | V65: =IF($D$4="","Please Select Programme",IF(L9<>"OK","Check Project Details",IF(Y62=0,"Enter Work Type Details",IF(N65=0,"Enter Funding Requested",IF(AB62>=51,"Check Work Type Details",'Extra look-up'!H84))))) -> Please Select Programme
B68: This is Step 1 of the 3 step application process. Please complete the above Project Compliance Tool for all projects you are seeking Salix funding for.
B69: If you have more than 10 projects you wish to apply for, please contact: technical@salixfinance.co.uk Once you have completed Step 1, Step 2 involves supporting your application with the following information where applicable: i. For individual projects over £100k and all SEELS Wales applications, a completed Salix business case (in the next tab); ii. Supporting information in the form of savings calculations, evidence of project/fuel costs, technical specifications etc. The final step of the application process is to upload the compliance tool and supporting information to SERS (RF only) or submit these to Salix (SEELS).
AH99: Carbon Factor for Electricity from "UK Government GHG Conversion Factors for Company Reporting" (2025)
AG100: CO2e methodology | AH100: Electricity | AI100: Gas | AJ100: Gas Oil | AK100: Fuel Oil | AL100: Burning Oil | AM100: Coal | AN100: LPG | AO100: Bespoke | AP100: Wood pellets | AQ100: Wood chips
AG101: 2025 | AH101: =SUM(0.177+0.0183) -> 0.1953 | AI101: 0.18296 | AJ101: 0.2565 | AK101: 0.26813 | AL101: 0.24677 | AM101: 0.34721 | AN101: 0.2145 | AO101: =$B$9 -> 0 | AP101: 0.0115 | AQ101: 0.0115
AG102: 2026 | AH102: =SUM(0.177+0.0183) -> 0.1953 | AI102: 0.18296 | AJ102: 0.2565 | AK102: 0.26813 | AL102: 0.24677 | AM102: 0.34721 | AN102: 0.2145 | AO102: =$B$9 -> 0 | AP102: 0.0115 | AQ102: 0.0115
AG103: 2027 | AH103: =SUM(0.177+0.0183) -> 0.1953 | AI103: 0.18296 | AJ103: 0.2565 | AK103: 0.26813 | AL103: 0.24677 | AM103: 0.34721 | AN103: 0.2145 | AO103: =$B$9 -> 0 | AP103: 0.0115 | AQ103: 0.0115
AG104: 2028 | AH104: =SUM(0.177+0.0183) -> 0.1953 | AI104: 0.18296 | AJ104: 0.2565 | AK104: 0.26813 | AL104: 0.24677 | AM104: 0.34721 | AN104: 0.2145 | AO104: =$B$9 -> 0 | AP104: 0.0115 | AQ104: 0.0115
AG105: 2029 | AH105: =SUM(0.177+0.0183) -> 0.1953 | AI105: 0.18296 | AJ105: 0.2565 | AK105: 0.26813 | AL105: 0.24677 | AM105: 0.34721 | AN105: 0.2145 | AO105: =$B$9 -> 0 | AP105: 0.0115 | AQ105: 0.0115
AG106: 2030 | AH106: =SUM(0.177+0.0183) -> 0.1953 | AI106: 0.18296 | AJ106: 0.2565 | AK106: 0.26813 | AL106: 0.24677 | AM106: 0.34721 | AN106: 0.2145 | AO106: =$B$9 -> 0 | AP106: 0.0115 | AQ106: 0.0115
AG107: 2031 | AH107: =SUM(0.177+0.0183) -> 0.1953 | AI107: 0.18296 | AJ107: 0.2565 | AK107: 0.26813 | AL107: 0.24677 | AM107: 0.34721 | AN107: 0.2145 | AO107: =$B$9 -> 0 | AP107: 0.0115 | AQ107: 0.0115
AG108: 2032 | AH108: =SUM(0.177+0.0183) -> 0.1953 | AI108: 0.18296 | AJ108: 0.2565 | AK108: 0.26813 | AL108: 0.24677 | AM108: 0.34721 | AN108: 0.2145 | AO108: =$B$9 -> 0 | AP108: 0.0115 | AQ108: 0.0115
AG109: 2033 | AH109: =SUM(0.177+0.0183) -> 0.1953 | AI109: 0.18296 | AJ109: 0.2565 | AK109: 0.26813 | AL109: 0.24677 | AM109: 0.34721 | AN109: 0.2145 | AO109: =$B$9 -> 0 | AP109: 0.0115 | AQ109: 0.0115
AG110: 2034 | AH110: =SUM(0.177+0.0183) -> 0.1953 | AI110: 0.18296 | AJ110: 0.2565 | AK110: 0.26813 | AL110: 0.24677 | AM110: 0.34721 | AN110: 0.2145 | AO110: =$B$9 -> 0 | AP110: 0.0115 | AQ110: 0.0115
AG111: 2035 | AH111: =SUM(0.177+0.0183) -> 0.1953 | AI111: 0.18296 | AJ111: 0.2565 | AK111: 0.26813 | AL111: 0.24677 | AM111: 0.34721 | AN111: 0.2145 | AO111: =$B$9 -> 0 | AP111: 0.0115 | AQ111: 0.0115
AG112: 2036 | AH112: =SUM(0.177+0.0183) -> 0.1953 | AI112: 0.18296 | AJ112: 0.2565 | AK112: 0.26813 | AL112: 0.24677 | AM112: 0.34721 | AN112: 0.2145 | AO112: =$B$9 -> 0 | AP112: 0.0115 | AQ112: 0.0115
... AG138: 2062 | AH138: =SUM(0.177+0.0183) -> 0.1953 | AI138: 0.18296 | AJ138: 0.2565 | AK138: 0.26813 | AL138: 0.24677 | AM138: 0.34721 | AN138: 0.2145 | AO138: =$B$9 -> 0 | AP138: 0.0115 | AQ138: 0.0115

Sheet Business Case
B3: Salix Business Case Template
B5: Only complete if your project is over £100,000 and/or a SEELS Wales application.
B7: Programme details
B9: Project Title:
B11: Organisation name: | C11: =IF('Project Compliance Tool'!D3="","",'Project Compliance Tool'!D3)
B13: Submission date:
B15: Main Contact for Project | F15: Project Cost Breakdown
B16: Name | F16: Main equipment capital costs (£)
B17: Job title
B18: Address line 1 | F18: Installation costs (£)
B19: Address line 2
B20: City | F20: Project management costs (£)
B21: Post code
B22: Telephone | F22: Contingency costs (£)
B23: Email
F24: Other project costs (£)
F26: Total projects costs | H26: =H16+H18+H20+H22+H24 -> 0
B27: 1. Cost Breakdown
B28: Project cost breakdown - Provide commentary on the project cost breakdown.
B29: • How have project costs been estimated? • Do the project costs account for operation/maintenance costs?
B33: 2. Project Details
B34: Project background - Provide background on the project including all possible benefits.
B35: • If you have multiple projects >£100,000, please provide details for all of them below. • How has the project been identified? • Who has been involved in developing the project? • How will the project go towards addressing existing issues relating to energy and carbon use?
B40: 3. Details of Supporting Documentation
B41: • Please list all supporting information document titles in the box below. • All applications should provide energy savings calculations, cost calculations/evidence, data sheets, and an energy and carbon monitoring plan • For applications valued over £100,000 please also provide an internal risk register and project programme.
B44: 4. Details of Project Energy Saving Calculations
B45: • Describe how the project energy and carbon savings have been calculated, detailing any assumptions. • Calculations should be submitted alongside your application form. • Describe the methodology used to calculate the forecasted fuel costs.
B47: 5. Energy and Carbon Monitoring Plan Post-completion
B48: Salix recommends that energy and carbon consumption be monitored prior to and following the completion of the project. • What are the arrangements for monitoring and managing the programme post-completion? • What plans are there for evaluation?
... B60: Describe any project risks and give details of measures designed to minimise or avoid them. This should cover: • Any project dependencies, such as other projects being completed on time or coordination around organisational issues (e.g. exam periods and heating season). • Risks to project delivery and details of the management structures in place to monitor. • Detail other outstanding issues that need to be resolved before the project can proceed (e.g. finalising plant sizes or communication with stakeholders). • The risks associated with the project failing to achieve the savings. • For applications valued over £500,000, please attach a copy of your internal risk register.
B61: Description of Risk | C61: Level of Risk | D61: How will the risk be managed and/or mitigated? | Q61: High
Q62: Low
Q63: Medium
B70: 10. Timescales
B71: Give details of the critical path for timetable delivery of the project including: • Dates for key delivery milestones, if there is a programme of works for the project please attach. • What level of contingency for potential programme slippage has been built in to the delivery timeline. Please provide details of and significant lead-in times for the ordering and delivery of key project equipment, including details of discussions/agreements with suppliers/contractors.
B74: 11. Key Project Milestones
B75: Steps taken / to be taken | C75: Process | D75: Start date | E75: End date | F75: Include no. of days Contingency | G75: Is this Complete?
B76: Project Approval | C76: Estates/finance approval
C77: Board/councillors approval
B78: Tender | C78: Project design time
C79: Project out to tender
C80: Contract awarded
C81: Cool off period
B82: PFI agreement (if applicable) | C82: Sign Deed of Variation
B84: Order | C84: Order Placed
B85: Delivery | C85: Equipment Delivery
B86: Project on site | C86: Starting project installation
B87: Project completion | C87: Project complete onsite
C88: Commissioning
C89: Invoicing
C90: Send completion certificate to Salix
C91: Returning loan agreement to Salix
F92: =SUM(F76:F91) -> 0
B93: 12. Well-Being of Future Generations (Wales) Act 2015 (Wales Applications ONLY)
B94: • Please describe how this project will maximise the organisation's contribution to one or more of the seven well-being goals in the Act and how this project is in accordance with the Sustainable Development Principles. • Further information on the Act and Legislation can be found at https://www.futuregenerations.wales/
B97: Salix Business Case Template - Part 3
B98: The final step of the application process is to upload the compliance tool and supporting information to SERS (RF only) or submit these to Salix (SEELS).
B100: For questions regarding how to complete this form or what information to include in your application, please do not hesitate to contact a member of the Energy and Carbon Technical Team: technical@salixfinance.co.uk
G101: ="© Salix "&YEAR(NOW()) -> © Salix 2026

Sheet Assessment Form
B5: Salix Business Case Template - Assessment and Feedback
B6: Assessment form for Salix/Atkins
B8: Programme Title: | C8: =IF('[16]Business Case'!D9="","",'[16]Business Case'!D9)
B10: Public Sector Body: | C10: =IF('[16]Project Compliance Tool'!D3="","",'[16]Project Compliance Tool'!D3)
B12: Objectives:
B13: This assessment's primary objective is to evaluate the business case (as provided by the applicant) in a structured manner, identifying strengths & weaknesses leading to a judgement as to whether the business case is technically sound and is likely to deliver the energy savings & payback period presented. If the business case is unsound or needs further consideration, the assessment should identify what further information is needed from the client.
B16: 1. Technical case | D16: Score Green for High Quality, Amber for With Conditions and Red for Requires Improvement
B17: Assessment section | C17: RAG rating | D17: Assessor commentary | H17: Guidance for assessor
B18: 1.1 Project Description including any background material (For Wales Applications: Future Generations Act 2015) | H18: Consider the project description (Business Case tab, Section 2) in terms of clarity, completeness, asset lifetime, energy saving potential and other benefits. Consider the contextual information provided by the applicant in support of the project. For Wales projects, see Business Case tab, Section 12 - how does the project meet the Future Generations Act 2015?
B20: 1.2 Technical Feasibility & Future Resilience | H20: Consider the project's technical feasibility in terms of good evidence for delivering expected energy savings from the information provided.
B22: 1.3 Material provided on the technology, has the final product been chosen? | H22: Consider additional technical information provided in the Business Case and supporting data sheets. Consider the material provided to support the creditability of the supplier/contractor to deliver the project and the technology being installed.
B24: 1.4 Energy/Carbon Savings Calculations | H24: Consider whether the energy savings estimate uses realistic data and assumptions, with clear methodology and evidence from similar projects. Check that energy savings match the compliance tool. Has a lighting schedule been provided for projects installing LEDs? Have Solar PV reports been provided? Consider any additional benefits, e.g. CRC, maintenance, reliability, safety, etc.
B26: 1.5 Energy/Carbon Monitoring Plan | H26: See Business Case tab, Section 5. Consider the monitoring plan for assessing the energy savings made by the project; i.e. project specific metering, manual measurements etc. If commentary is insufficient, set as a condition to provide.
B28: Relevant for SSEELS only: 1.6 Performance Management Plan (Renewable projects e.g. solar PV) | H28: See Business Case tab, Section 6 and any other supporting information. Consider the methodology used to measure annual availability, kilowatt hours generated, and the financial and carbon value of the generated electricity. Consider the frequency of monitoring and the person responsible for measuring performance. Set as a condition if not provided.
B30: 2. Financial case
D31: Score Green for High Quality, Amber for With Conditions and Red for Requires Improvement
B32: 2.1 Main Equipment Costs | H32: See Business Case tab and any other supporting information (cost evidence and breakdown). Consider whether the project capital cost is clearly structured and complete, or if there are significant elements missing or unclear. Considering whether any installation costs are clearly identified and appropriate. Are there any other project costs identified such as design or project management fees. Ensure that any operating & maintenance costs are clearly identified, appropriate and realistic. If there are no significant ongoing maintenance or operating costs score highly. Are the Maintenance costs expected to increase or decrease?
B33: 2.2 Installation Cost
B34: 2.3 Other Project Costs
B35: 2.4 Operating & Maintenance Cost
B38: 2.5 Evidence of Firm Pricing or close budgets having been received | H38: Consider the costing source information validity; i.e. single quotation, multiple quotations, cross referenced to similar projects etc. Has firm pricing been confirmed?
B40: 2.6 Project Cost Savings Calculations with particular reference to the fuel prices being considered | H40: Review the p/kWh fuel costs in the Compliance Tool and any supporting commentary in Section 4 of the Business Case. Check whether the method used to determine the unit cost is clear. Assess how robust the cost savings estimate is by considering the estimated energy savings, unit energy costs and any evidence of savings from similar projects.
B42: 2.7 Simple Payback Period Realistic / Is the payback period & cost of carbon in line with similar projects | H42: Consider if the project payback period estimation is robust and complete. Is the CCT typical to other similar projects? See the Compliance Tool.
B44: 3. Project governance, risks, mitigation
D45: Score Green for High Quality, Amber for With Conditions and Red for Requires Improvement
B46: 3.1 Project Risks & Mitigations | H46: See Business Case, Section 9 or risk register. Assess the project risk management and mitigation proposed, including scheduling, shutdowns, contractor access and milestones. Consider the impacts or installing or not installing the project, and highlight any significant risks the applicant has not identified.
B48: 3.2 Project Implementation / Schedule - Timings included; for example key milestones for installation and commissioning | H48: See the Business Case tab, Section 10 or Project Programme. How do the timeframes compare to other similar projects? Are there any key consideration that may delay the project, such as PFI, board sign off? Is sufficient contingency evidenced to mitigate delays to key processes?
B50: 3.3 Applicant/Contractors' previous experience capability | H50: See the Business Case tab, Section 8. Has the applicant and/or contractor had previous experience of similar projects? Consider case studies or other supporting information provided.
B52: 3.4 Is the project governance sufficient for the size and complexity of the work to be completed? | H52: See the Business Case tab, Section 7 and any other supporting information such as an organogram of who is involved on the project team internally and externally.
L53: 2.3 | M53: =#REF! -> #REF!
L54: 2.4 | M54: =#REF! -> #REF!
B55: Number of months to commission? | H55: Is this timeframe feasible for the technologies included in the project? See the Business Case, Section 11. | L55: 2.5 | M55: =#REF! -> #REF!
L56: 2.6 | M56: =#REF! -> #REF!
L57: 2.7 | M57: =#REF! -> #REF!
B58: Number of months contingency? | H58: If no contingency provided, what should there be? Is there likely to be slippage in the project milestones? See the Business Case, Section 11 or the Project Programme, if provided (required for projects over £100,000). | L58: 3.1 | M58: =#REF! -> #REF!
L59: 3.2 | M59: =#REF! -> #REF!
L60: 3.3 | M60: =#REF! -> #REF!
B61: Board/councillors approval? | C61: ='[16]Business Case'!H79 -> 0 | H61: If not yet approved, when will approval be given? See the Business Case, Section 11. | L61: 3.4 | M61: =#REF! -> #REF!
B63: Is procurement complete? | C63: ='[16]Business Case'!H82 -> 0 | H63: If not complete, then what is the process and timescale? See the Business Case, Section 11.
B65: Assessor review and recommendations
B67: Based on the overall score achieved, the business case for this project is: | C67: =IF(E97=0,"",IF(E94>0,"Red",IF(E95>0,"Amber","Green"))) | D67: Green = Passed Amber = Passed with conditions Red = Requires improvement
B70: Assessor summary including improvement points:
I71: Provide summary notes supporting the assessment recommendation, including the good features of a sound business case. Add any additional notes, observations, reservations or comments about the business case that are not covered elsewhere.
B73: Conditions (if any further information required) for passing business case:
I74: Provide summary notes on what is needed to make an unsound business cases sound, or any conditions that must be met at a later stage of the application.
B76: Disclaimer
B77: This assessment is made on the information as provided by the applicant. Whilst reasonable steps have been taken to ensure that the information provided within this assessment is correct, Salix, the assessor, and the Government give no warranty and make no representation as to its accuracy and accept no liability for any errors or omissions.
B79: To be completed by Salix/Atkins Assessor
B81: Project reference
B82: Time Allocated | E82: hours
B83: Assessor
B85: QA
B87: Approved by
B88: Date
I89: ="© Salix "&YEAR(NOW()) -> © Salix 2026
C93: Scoring | D93: Number of score | E93: Column2
B94: Red | C94: 1 | D94: =COUNTIF($B$18:$I$27,"Red")+COUNTIF($B$29:$I$52,"Red") -> 0 | E94: =C94*D94 -> 0
B95: Amber | C95: 2 | D95: =COUNTIF($B$18:$I$27,"Amber")+COUNTIF($B$29:$I$52,"Amber") -> 0 | E95: =C95*D95 -> 0
B96: Green | C96: 3 | D96: =COUNTIF($B$18:$I$27,"Green")+COUNTIF($B$29:$I$52,"Green") -> 0 | E96: =C96*D96 -> 0
B97: N/A | D97: Total ranking | E97: =SUM(E94:E96) -> 0

Sheet Additionality Criteria
B2: Additionality Criteria:
B3: Projects must also be “additional” – i.e. would not have happened without the funding. For projects already part of the agreed and funded maintenance programme, the fund can only support the additional investment needed to select a more expensive energy saving option. This does not prevent projects that have been identified and costed from applying, as long as funds have not been allocated. There are a number of criteria that are used to assess whether a project is “additional”, including: • Is the project required by legislation? If so it is “not additional”. • Is it required by Building Regulations or planning officers (e.g. requirement for a percentage of eeeeelectricity demand in new buildings to be met by onsite renewables)? If so, it is “not additional”. • Has it already started or has funding already been agreed? If so it is “not additional”. If the answer to all of the above questions is NO then the project can be funded under the Scheme.

Sheet PETREAD 2
A1: Project Code:
A4: PET entry:
A6: Project Ref | B6: Start date | C6: Completion date | D6: Site name | E6: Site life (yrs) | F6: Project / description | G6: Total Project Value | H6: Salix Funding Requested | I6: Salix % contribution of total project cost | J6: Energy Type | K6: Energy Cost (p/kWh) | L6: Forecast p/kWh | M6: Forecast % Change | N6: Project Type | O6: Work Type | P6: Annual kWh Pre-Project | Q6: Annual kWh Post-Project | R6: Annual kWh Saving | S6: % kWh savings | T6: Annual Financial Savings | U6: Payback Period | V6: kg/kWh | W6: tCO2 pa | X6: PF | Y6: tCO2 LT Savings | Z6: £/tCO2 LT | AA6: LT Financial Saving | AB6: Compliancy
B7: ='Project Compliance Tool'!C9 -> 0 | C7: ='Project Compliance Tool'!D9 -> 0 | D7: =IF('Project Compliance Tool'!E9="", 0, '[3]Project Compliance Tool'!E9) -> 0 | E7: ='Project Compliance Tool'!F9 -> 0 | F7: ='Project Compliance Tool'!G9 -> 0 | G7: ='Project Compliance Tool'!O67 -> 0 | H7: ='Project Compliance Tool'!N67 -> 0 | I7: =IF(G7=0, "", ROUND(H7 / G7, 2) * 100 & "%") | J7: {=IF(COUNTA(_xlfn.UNIQUE(_xlfn._xlws.FILTER('Project Compliance Tool'!D12:D26, 'Project Compliance Tool'!D12:D26<>""))) = 1, INDEX('Project Compliance Tool'!D12:D26, MATCH(TRUE, 'Project Compliance Tool'!D12:D26<>"", 0)), _xlfn.TEXTJOIN(", ", TRUE, _xlfn.UNIQUE(_xlfn._xlws.FILTER('Project Compliance Tool'!D12:D26, 'Project Compliance Tool'!D12:D26<>""))))} -> #N/A | K7: {=IF(COUNTA(_xlfn.UNIQUE(_xlfn._xlws.FILTER('Project Compliance Tool'!E12:E26, 'Project Compliance Tool'!E12:E26<>""))) = 1, INDEX('Project Compliance Tool'!E12:E26, MATCH(TRUE, 'Project Compliance Tool'!E12:E26<>"", 0)),"MPS")} -> #N/A | L7: {=IF(COUNTA(_xlfn.UNIQUE(_xlfn._xlws.FILTER('Project Compliance Tool'!F12:F26, 'Project Compliance Tool'!F12:F26<>""))) = 1, INDEX('Project Compliance Tool'!F12:F26, MATCH(TRUE, 'Project Compliance Tool'!F12:F26<>"", 0)),"MPS")} -> #N/A | M7: {=IF(COUNTA(_xlfn.UNIQUE(_xlfn._xlws.FILTER('Project Compliance Tool'!G12:G26, 'Project Compliance Tool'!G12:G26<>""))) = 1, INDEX('Project Compliance Tool'!G12:G26, MATCH(TRUE, 'Project Compliance Tool'!G12:G26<>"", 0)), "MPS")} -> #N/A | N7: {=_xlfn.TEXTJOIN(", ", TRUE, _xlfn._xlws.SORT(_xlfn.UNIQUE(_xlfn._xlws.FILTER('Project Compliance Tool'!H12:H26, 'Project Compliance Tool'!H12:H26<>""))))} -> #VALUE! | O7: {=IF(COUNTA(_xlfn.UNIQUE(_xlfn._xlws.FILTER('Project Compliance Tool'!I12:I26, 'Project Compliance Tool'!I12:I26<>""))) = 1, INDEX('Project Compliance Tool'!I12:I26, MATCH(TRUE, 'Project Compliance Tool'!I12:I26<>"", 0)), _xlfn.TEXTJOIN(", ", TRUE, _xlfn.UNIQUE(_xlfn._xlws.FILTER('Project Compliance Tool'!I12:I26, 'Project Compliance Tool'!I12:I26<>""))))} -> #N/A | P7: =SUM('Project Compliance Tool'!K12:K26) -> 0 | Q7: =SUM('Project Compliance Tool'!L12:L26) -> 0 | R7: =SUM('Project Compliance Tool'!M12:M26) -> 0 | S7: =IF(SUM('Project Compliance Tool'!M12:M26)=0, "", SUMPRODUCT('Project Compliance Tool'!N12:N26, 'Project Compliance Tool'!M12:M26) / SUM('Project Compliance Tool'!M12:M26)) | T7: ='Project Compliance Tool'!P65 | U7: ='Project Compliance Tool'!Q65 | V7: ='Project Compliance Tool'!R65 | W7: ='Project Compliance Tool'!S65 | X7: {=IF(COUNTA(_xlfn.UNIQUE(_xlfn._xlws.FILTER('Project Compliance Tool'!W12:W26, 'Project Compliance Tool'!W12:W26<>"")))=1, INDEX(_xlfn.UNIQUE(_xlfn._xlws.FILTER('Project Compliance Tool'!W12:W26, 'Project Compliance Tool'!W12:W26<>"")), 1), "MPS")} -> #VALUE! | Y7: ='Project Compliance Tool'!T65 | Z7: ='Project Compliance Tool'!U65 | AA7: {=SUMPRODUCT('Project Compliance Tool'!P12:P26, 'Project Compliance Tool'!W12:W26, --('Project Compliance Tool'!Q12:Q26<>""))} -> 0 | AB7: ='Project Compliance Tool'!V65 -> Please Select Programme
A11: Back Data:
A13: Project Ref | B13: Measure Reference: | C13: Energy type | D13: p/kWh | E13: Forecast p/kWh | F13: Forecast % Change | G13: Project Type | H13: Technology - Work Type | I13: Annual kWhrs Pre-Project | J13: Annual kWhrs Post-Project | K13: Annual kWh savings | L13: % kWh savings | M13: PF | N13: Annual Financial Saving | O13: tCO2 pa | P13: tCO2 LT | Q13: LT Financial Saving | R13: Cost per Measure | T13: Number | U13: Energy type
B14: =IF(AND(U14<>"", T14<>""), U14 & T14, "") | C14: ='Project Compliance Tool'!D12 -> 0 | D14: ='Project Compliance Tool'!E12 -> 0 | E14: ='Project Compliance Tool'!F12 -> 0 | F14: ='Project Compliance Tool'!G12 | G14: ='Project Compliance Tool'!H12 -> 0 | H14: ='Project Compliance Tool'!I12 -> 0 | I14: ='Project Compliance Tool'!K12 -> 0 | J14: ='Project Compliance Tool'!L12 -> 0 | K14: ='Project Compliance Tool'!M12 | L14: ='Project Compliance Tool'!N12 -> 0 | M14: ='Project Compliance Tool'!W12 | N14: ='Project Compliance Tool'!P12 | O14: ='Project Compliance Tool'!S12 | P14: ='Project Compliance Tool'!T12 | Q14: =IF(OR(M14="", N14=""), 0, M14 * N14) -> 0 | R14: ='Project Compliance Tool'!O12 -> 0 | T14: =IF(U14<>"", COUNTIF(U$14:U14, U14), "") | U14: =UPPER(LEFT('Project Compliance Tool'!D12,1) & IFERROR(MID('Project Compliance Tool'!D12,FIND(" ",'Project Compliance Tool'!D12)+1,1),"")) | V14: 1 | W14: #VALUE!
B15: =IF(AND(U15<>"", T15<>""), U15 & T15, "") | C15: ='Project Compliance Tool'!D13 -> 0 | D15: ='Project Compliance Tool'!E13 -> 0 | E15: ='Project Compliance Tool'!F13 -> 0 | F15: ='Project Compliance Tool'!G13 | G15: ='Project Compliance Tool'!H13 -> 0 | H15: ='Project Compliance Tool'!I13 -> 0 | I15: ='Project Compliance Tool'!K13 -> 0 | J15: ='Project Compliance Tool'!L13 -> 0 | K15: ='Project Compliance Tool'!M13 | L15: ='Project Compliance Tool'!N13 -> 0 | M15: ='Project Compliance Tool'!W13 | N15: ='Project Compliance Tool'!P13 | O15: ='Project Compliance Tool'!S13 | P15: ='Project Compliance Tool'!T13 | Q15: =IF(OR(M15="", N15=""), 0, M15 * N15) -> 0 | R15: ='Project Compliance Tool'!O13 -> 0 | T15: =IF(U15<>"", COUNTIF(U$14:U15, U15), "") | U15: =UPPER(LEFT('Project Compliance Tool'!D13,1) & IFERROR(MID('Project Compliance Tool'!D13,FIND(" ",'Project Compliance Tool'!D13)+1,1),"")) | V15: 2 | W15: oil
B16: =IF(AND(U16<>"", T16<>""), U16 & T16, "") | C16: ='Project Compliance Tool'!D14 -> 0 | D16: ='Project Compliance Tool'!E14 -> 0 | E16: ='Project Compliance Tool'!F14 -> 0 | F16: ='Project Compliance Tool'!G14 | G16: ='Project Compliance Tool'!H14 -> 0 | H16: ='Project Compliance Tool'!I14 -> 0 | I16: ='Project Compliance Tool'!K14 -> 0 | J16: ='Project Compliance Tool'!L14 -> 0 | K16: ='Project Compliance Tool'!M14 | L16: ='Project Compliance Tool'!N14 -> 0 | M16: ='Project Compliance Tool'!W14 | N16: ='Project Compliance Tool'!P14 | O16: ='Project Compliance Tool'!S14 | P16: ='Project Compliance Tool'!T14 | Q16: =IF(OR(M16="", N16=""), 0, M16 * N16) -> 0 | R16: ='Project Compliance Tool'!O14 -> 0 | T16: =IF(U16<>"", COUNTIF(U$14:U16, U16), "") | U16: =UPPER(LEFT('Project Compliance Tool'!D14,1) & IFERROR(MID('Project Compliance Tool'!D14,FIND(" ",'Project Compliance Tool'!D14)+1,1),"")) | V16: 1 | W16: #VALUE!
B17: =IF(AND(U17<>"", T17<>""), U17 & T17, "") | C17: ='Project Compliance Tool'!D15 -> 0 | D17: ='Project Compliance Tool'!E15 -> 0 | E17: ='Project Compliance Tool'!F15 -> 0 | F17: ='Project Compliance Tool'!G15 | G17: ='Project Compliance Tool'!H15 -> 0 | H17: ='Project Compliance Tool'!I15 -> 0 | I17: ='Project Compliance Tool'!K15 -> 0 | J17: ='Project Compliance Tool'!L15 -> 0 | K17: ='Project Compliance Tool'!M15 | L17: ='Project Compliance Tool'!N15 -> 0 | M17: ='Project Compliance Tool'!W15 | N17: ='Project Compliance Tool'!P15 | O17: ='Project Compliance Tool'!S15 | P17: ='Project Compliance Tool'!T15 | Q17: =IF(OR(M17="", N17=""), 0, M17 * N17) -> 0 | R17: ='Project Compliance Tool'!O15 -> 0 | T17: =IF(U17<>"", COUNTIF(U$14:U17, U17), "") | U17: =UPPER(LEFT('Project Compliance Tool'!D15,1) & IFERROR(MID('Project Compliance Tool'!D15,FIND(" ",'Project Compliance Tool'!D15)+1,1),"")) | V17: 1 | W17: #VALUE!
B18: =IF(AND(U18<>"", T18<>""), U18 & T18, "") | C18: ='Project Compliance Tool'!D16 -> 0 | D18: ='Project Compliance Tool'!E16 -> 0 | E18: ='Project Compliance Tool'!F16 -> 0 | F18: ='Project Compliance Tool'!G16 | G18: ='Project Compliance Tool'!H16 -> 0 | H18: ='Project Compliance Tool'!I16 -> 0 | I18: ='Project Compliance Tool'!K16 -> 0 | J18: ='Project Compliance Tool'!L16 -> 0 | K18: ='Project Compliance Tool'!M16 | L18: ='Project Compliance Tool'!N16 -> 0 | M18: ='Project Compliance Tool'!W16 | N18: ='Project Compliance Tool'!P16 | O18: ='Project Compliance Tool'!S16 | P18: ='Project Compliance Tool'!T16 | Q18: =IF(OR(M18="", N18=""), 0, M18 * N18) -> 0 | R18: ='Project Compliance Tool'!O16 -> 0 | T18: =IF(U18<>"", COUNTIF(U$14:U18, U18), "") | U18: =UPPER(LEFT('Project Compliance Tool'!D16,1) & IFERROR(MID('Project Compliance Tool'!D16,FIND(" ",'Project Compliance Tool'!D16)+1,1),"")) | V18: 1 | W18: #VALUE!
B19: =IF(AND(U19<>"", T19<>""), U19 & T19, "") | C19: ='Project Compliance Tool'!D17 -> 0 | D19: ='Project Compliance Tool'!E17 -> 0 | E19: ='Project Compliance Tool'!F17 -> 0 | F19: ='Project Compliance Tool'!G17 | G19: ='Project Compliance Tool'!H17 -> 0 | H19: ='Project Compliance Tool'!I17 -> 0 | I19: ='Project Compliance Tool'!K17 -> 0 | J19: ='Project Compliance Tool'!L17 -> 0 | K19: ='Project Compliance Tool'!M17 | L19: ='Project Compliance Tool'!N17 -> 0 | M19: ='Project Compliance Tool'!W17 | N19: ='Project Compliance Tool'!P17 | O19: ='Project Compliance Tool'!S17 | P19: ='Project Compliance Tool'!T17 | Q19: =IF(OR(M19="", N19=""), 0, M19 * N19) -> 0 | R19: ='Project Compliance Tool'!O17 -> 0 | T19: =IF(U19<>"", COUNTIF(U$14:U19, U19), "") | U19: =UPPER(LEFT('Project Compliance Tool'!D17,1) & IFERROR(MID('Project Compliance Tool'!D17,FIND(" ",'Project Compliance Tool'!D17)+1,1),"")) | V19: 1 | W19: #VALUE!
B20: =IF(AND(U20<>"", T20<>""), U20 & T20, "") | C20: ='Project Compliance Tool'!D18 -> 0 | D20: ='Project Compliance Tool'!E18 -> 0 | E20: ='Project Compliance Tool'!F18 -> 0 | F20: ='Project Compliance Tool'!G18 | G20: ='Project Compliance Tool'!H18 -> 0 | H20: ='Project Compliance Tool'!I18 -> 0 | I20: ='Project Compliance Tool'!K18 -> 0 | J20: ='Project Compliance Tool'!L18 -> 0 | K20: ='Project Compliance Tool'!M18 | L20: ='Project Compliance Tool'!N18 -> 0 | M20: ='Project Compliance Tool'!W18 | N20: ='Project Compliance Tool'!P18 | O20: ='Project Compliance Tool'!S18 | P20: ='Project Compliance Tool'!T18 | Q20: =IF(OR(M20="", N20=""), 0, M20 * N20) -> 0 | R20: ='Project Compliance Tool'!O18 -> 0 | T20: =IF(U20<>"", COUNTIF(U$14:U20, U20), "") | U20: =UPPER(LEFT('Project Compliance Tool'!D18,1) & IFERROR(MID('Project Compliance Tool'!D18,FIND(" ",'Project Compliance Tool'!D18)+1,1),"")) | V20: 1 | W20: #VALUE!
B21: =IF(AND(U21<>"", T21<>""), U21 & T21, "") | C21: ='Project Compliance Tool'!D19 -> 0 | D21: ='Project Compliance Tool'!E19 -> 0 | E21: ='Project Compliance Tool'!F19 -> 0 | F21: ='Project Compliance Tool'!G19 | G21: ='Project Compliance Tool'!H19 -> 0 | H21: ='Project Compliance Tool'!I19 -> 0 | I21: ='Project Compliance Tool'!K19 -> 0 | J21: ='Project Compliance Tool'!L19 -> 0 | K21: ='Project Compliance Tool'!M19 | L21: ='Project Compliance Tool'!N19 -> 0 | M21: ='Project Compliance Tool'!W19 | N21: ='Project Compliance Tool'!P19 | O21: ='Project Compliance Tool'!S19 | P21: ='Project Compliance Tool'!T19 | Q21: =IF(OR(M21="", N21=""), 0, M21 * N21) -> 0 | R21: ='Project Compliance Tool'!O19 -> 0 | T21: =IF(U21<>"", COUNTIF(U$14:U21, U21), "") | U21: =UPPER(LEFT('Project Compliance Tool'!D19,1) & IFERROR(MID('Project Compliance Tool'!D19,FIND(" ",'Project Compliance Tool'!D19)+1,1),"")) | V21: 1 | W21: #VALUE!
B22: =IF(AND(U22<>"", T22<>""), U22 & T22, "") | C22: ='Project Compliance Tool'!D20 -> 0 | D22: ='Project Compliance Tool'!E20 -> 0 | E22: ='Project Compliance Tool'!F20 -> 0 | F22: ='Project Compliance Tool'!G20 | G22: ='Project Compliance Tool'!H20 -> 0 | H22: ='Project Compliance Tool'!I20 -> 0 | I22: ='Project Compliance Tool'!K20 -> 0 | J22: ='Project Compliance Tool'!L20 -> 0 | K22: ='Project Compliance Tool'!M20 | L22: ='Project Compliance Tool'!N20 -> 0 | M22: ='Project Compliance Tool'!W20 | N22: ='Project Compliance Tool'!P20 | O22: ='Project Compliance Tool'!S20 | P22: ='Project Compliance Tool'!T20 | Q22: =IF(OR(M22="", N22=""), 0, M22 * N22) -> 0 | R22: ='Project Compliance Tool'!O20 -> 0 | T22: =IF(U22<>"", COUNTIF(U$14:U22, U22), "") | U22: =UPPER(LEFT('Project Compliance Tool'!D20,1) & IFERROR(MID('Project Compliance Tool'!D20,FIND(" ",'Project Compliance Tool'!D20)+1,1),"")) | V22: 1 | W22: #VALUE!
B23: =IF(AND(U23<>"", T23<>""), U23 & T23, "") | C23: ='Project Compliance Tool'!D21 -> 0 | D23: ='Project Compliance Tool'!E21 -> 0 | E23: ='Project Compliance Tool'!F21 -> 0 | F23: ='Project Compliance Tool'!G21 | G23: ='Project Compliance Tool'!H21 -> 0 | H23: ='Project Compliance Tool'!I21 -> 0 | I23: ='Project Compliance Tool'!K21 -> 0 | J23: ='Project Compliance Tool'!L21 -> 0 | K23: ='Project Compliance Tool'!M21 | L23: ='Project Compliance Tool'!N21 -> 0 | M23: ='Project Compliance Tool'!W21 | N23: ='Project Compliance Tool'!P21 | O23: ='Project Compliance Tool'!S21 | P23: ='Project Compliance Tool'!T21 | Q23: =IF(OR(M23="", N23=""), 0, M23 * N23) -> 0 | R23: ='Project Compliance Tool'!O21 -> 0 | T23: =IF(U23<>"", COUNTIF(U$14:U23, U23), "") | U23: =UPPER(LEFT('Project Compliance Tool'!D21,1) & IFERROR(MID('Project Compliance Tool'!D21,FIND(" ",'Project Compliance Tool'!D21)+1,1),"")) | V23: 1 | W23: #VALUE!
N24: =SUM(N14:N23) -> 0 | O24: =SUM(O14:O23) -> 0 | P24: =SUM(P14:P23) -> 0 | Q24: =SUM(Q14:Q23) -> 0 | R24: =SUM(R14:R23) -> 0

Sheet Eligible Technologies
C3: Examples of Eligible Technologies
C5: The following list includes examples of eligible technologies for the Recycling Fund Scheme. If you intend to include technologies that do not appear on this list in your application, please discuss with Salix prior to submission.
C6: Project Type | D6: Work Type | E6: Direct carbon savings | F6: Indirect carbon savings | G6: Lifetime | J6: Lifetime and Persistence Factor Definitions
C7: Low carbon heating | D7: Air source heat pump (air to water) | E7: x | G7: 20 | J7: Lifetime: This is the anticipated lifetime of a low carbon heating technology used to calculate lifetime savings. The lifetime is used in the calculation of cost to save a tonne of CO2e over the lifetime of an application for low carbon heating measures (£/tCO2eLT). Persistence Factor: The persistence factor is the lifetime of the energy efficiency technology averaged to factor in degradation. The Persistence Factors for individual technologies employed by Salix are based on, and are consistent with, those derived by the Carbon Trust. The PF is used in the calculation of cost to save a tonne of CO2e over the lifetime of an application for energy efficiency measures (£/tCO2eLT).
D8: Air source heat pump (air to air) | E8: x | G8: 20
D9: Ground source heat pump | E9: x | G9: 25
D10: Water source heat pump | E10: x | G10: 25
D11: Connect to existing district heating | E11: x | G11: 30
D12: Heating - electric heating | E12: x | G12: 10
D13: Hot water - electric point of use heaters | E13: x | G13: 12
D14: Solar thermal | E14: x | G14: 25
D15: Biomass | E15: x | G15: 20 | J15: Carbon Conversion Factors
C16: Project Type | D16: Work Type | E16: Direct carbon savings | F16: Indirect carbon savings | G16: Persistence Factor | J16: Energy Source | K16: kg CO2e/kWh | L16: Notes | O16: Previous Values
C17: Building energy management systems (BEMS) | D17: BEMS - not remotely managed | E17: x | F17: x | G17: 8.42 | J17: Electricity | K17: =0.177+0.0183 -> 0.1953 | L17: 45175 | M17: Scope 2 & Scope 3 (Transmission and Distribution losses only) | O17: 0.44932 | P17: E
D18: BEMS - remotely managed | E18: x | F18: x | G18: 8.4208755 | J18: Gas | K18: 0.18296 | L18: 44377 | M18: Scope 1 only | O18: 0.184 | P18: G
C19: Cooling | D19: Cooling - control system | F19: x | G19: 6.84 | J19: Gas oil | K19: 0.2565 | L19: 44377 | M19: Scope 1 only | O19: 0.27631 | P19: GO
D20: Cooling - plant replacement/upgrade | F20: x | G20: 8.208 | J20: Fuel oil | K20: 0.26813 | L20: 44377 | M20: Scope 1 only | N20: Heating oils other than gas oil or burning oil | O20: 0.26782 | P20: FO
D21: Energy efficient chillers | F21: x | G21: 14.44 | J21: Burning oil | K21: 0.24677 | L21: 44377 | M21: Scope 1 only | N21: Also known as kerosene or paraffin used for heating systems | O21: 0.24666 | P21: BO
D22: Free cooling | F22: x | G22: 13.68 | J22: Coal | K22: 0.34721 | L22: 44377 | M22: Scope 1 only | O22: 0.32235 | P22: C
D23: Replacement of air conditioning with evaporative cooling | F23: x | G23: 13.68 | J23: LPG | K23: 0.2145 | L23: 44377 | M23: Scope 1 only | O23: 0.21458 | P23: L
C24: Energy from waste | D24: Anaerobic digestion | E24: x | F24: x | G24: 15.2 | J24: Wood pellets | K24: 0.0115 | L24: 44377 | M24: Scope 1 only | O24: 0.03744 | P24: WP
D25: Incineration | E25: x | F25: x | G25: 15.2 | J25: Wood chips | K25: 0.0115 | L25: 44377 | M25: Scope 1 only | O25: 0.00792 | P25: WC
C26: Hand Dryers | D26: Hand dryers - replacement to more efficient type | F26: x | G26: 8.21 | J26: Biogas | K26: 0.00022 | L26: 44377 | M26: Scope 1 only | O26: 0.02642 | P26: BG
C27: Heating | D27: Heat recovery | E27: x | G27: 10.83 | J27: Source: | K27: DESNZ: Current GHG conversion factors - updated June 2025.
D28: Heating - discrete controls | E28: x | G28: 6.84
D29: Heating - distribution pipework improvements | E29: x | G29: 25
D30: Heating - zone control valves | E30: x | G30: 15
D31: Replace steam calorifier with plate heat exchanger | E31: x | G31: 28.5
D32: Steam trap replacements | E32: x | G32: 7.3
D33: Thermal stores | E33: x | G33: 20
C34: Hot water | D34: Flow restrictors | E34: x | G34: 14
D35: Hot water - distribution improvements | E35: x | G35: 25
D36: Hot water - efficient taps | E36: x | G36: 12
C37: Insulation - building fabric | D37: Cavity wall insulation | E37: x | G37: 60
D38: Double glazing with metal or plastic frames | E38: x | G38: 28
D39: Dry wall lining | E39: x | G39: 35
D40: Loft insulation | E40: x | G40: 27
D41: Floor insulation - suspended timber floor | E41: x | G41: 27
D42: Floor insulation - solid floor or other type | E42: x | G42: 30
D43: Roof insulation | E43: x | G43: 30
D44: Secondary glazing | E44: x | G44: 7.92
C45: Insulation - draught proofing | D45: Insulation - draught proofing | E45: x | G45: 29.25
C46: Insulation - other | D46: Automatic speed doors | E46: x | G46: 15
D47: Automatic/revolving doors | E47: x | G47: 10
D48: Draught lobby (external) | E48: x | G48: 29.25
D49: Draught lobby (internal) | E49: x | G49: 29.25
D50: Radiator reflective foil (external walls) | E50: x | G50: 8
C51: Insulation - pipework | D51: Heating pipework insulation (external) | E51: x | G51: 9
D52: Heating pipework insulation (internal) | E52: x | G52: 22.5
C53: Lab upgrades | D53: Energy efficient drying cabinets | E53: x | G53: 12.8
D54: Energy efficient freezers (-25C) | E54: x | G54: 12.83
D55: Energy efficient fume cupboards | E55: x | G55: 16.25
D56: Fume cupboards - auto sash closing + PIR | E56: x | G56: 6.84
C57: LED lighting | D57: LED - new fitting | F57: x | G57: 25
D58: LED - same fitting | F58: x | G58: 13
C59: Lighting controls | D59: Lighting - discrete controls | F59: x | G59: 10
D60: Lighting control system centralised | F60: x | G60: 10.26
C61: Motor controls | D61: Fixed speed motor controls | E61: x | F61: x | G61: 11.4
D62: Motors - flat belt drives | E62: x | F62: x | G62: 11.4
D63: Variable speed drives | E63: x | F63: x | G63: 10.26
C64: Motor replacement | D64: Motors - high efficiency | E64: x | F64: x | G64: 15
C65: Renewable energy | D65: Small hydropower | F65: x | G65: 22.8
D66: Solar PV | F66: x | G66: 22.5
D67: Wind turbine | F67: x | G67: 17.6
C68: Swimming pool covers | D68: Swimming pool covers - manual | E68: x | G68: 7.92
D69: Swimming pool covers - motorised | E69: x | G69: 8.73
C70: Time switches | D70: Time switches | E70: x | F70: x | G70: 6.84
C71: Ventilation | D71: Fans - air handling unit | F71: x | G71: 23.75
D72: Fans - high efficiency | F72: x | G72: 14.25
D73: Phase change material | F73: x | G73: 23.75
D74: Ultrasonic humidifiers | F74: x | G74: 7.22
D75: Ventilation - distribution | F75: x | G75: 30
D76: Ventilation - presence controls | F76: x | G76: 6.84

Sheet Definitions
B2: Definitions:
B3: Persistence Factor (PF) Model: | D3: The Persistence Factors for individual technologies employed by Salix are based on and are consistent with those derived by the Carbon Trust. In early 2009/10 the Carbon Trust undertook a review of the existing Persistence Factor Methodology. Following a consultation in early 2010, a revised model has now been adopted.
B4: Lifetime: | D4: This is the anticipated lifetime of a low carbon heating technology used to calculate lifetime savings. The lifetime is used in the calculation of cost to save a tonne of CO2e over the lifetime of an application
B5: % kWh saved: | D5: Clients should include the % kWh they are projecting to save.
B6: tCO2e pa: | D6: Tonnes CO2e saving per annum
B7: £/tCO2e LT: | D7: Cost (£) per tonne CO2e saving life time

Sheet Revision History
B2: Date | C2: Ver | D2: Change | E2: By
B3: Aug-26 | C3: 38.2 | D3: Eligible technologies list and project compliance tool updated to include hand dryers, lab upgrades, and swimming pool covers. New assessment form added. | E3: AZ
B4: Jul-26 | C4: 38.1 | D4: Eligible technologies list updated to include lab upgrades and swimming pool covers. | E4: AZ
B5: Apr-26 | C5: 38 | D5: Carbon factor conversions updated (2025). Date updated for project compliance tool for the most recent version in the Guidance Note tab and Project Compliance Tool tabs. Business Case Section 3 change in value to provide risk register updated. | E5: AZ
B6: Nov-25 | C6: 37.4 | D6: Addition of performance management plan for Scotland SEELS Solar PV. | E6: AZ
B7: Nov-23 | C7: 37.2 | D7: Updated carbon factors for electricity | E7: CS
B8: 45170 | C8: 37 | D8: Upgrade form to become universal tool for all loan schemes. Update carbon factors and addition of bespoke option (for distict heating). Removal of boilers and voltage optimisation as an eligible technology. Business case includes question for Welsh applicants. Re-wording of questions in business case section. | E8: CS
B9: 44470 | C9: 36.1 | D9: CCT to £500 for all England clients (in effect from Aprill 2022) and match technology list to Phase 3. | E9: AC
B10: 44378 | C10: 36 | D10: Updated carbon factors | E10: NH
B11: 44044 | C11: 35.1 | D11: Updated carbon factors Technology list updated: ⦁ LED Lighting work types simplified to 'LED - new fitting' and 'LED - same fitting' ⦁ 'Retrofit Single Glazing' removed ⦁ Two Floor Insulation work types added | E11: NH
B12: 44013 | C12: 35 | D12: Added 'Salix Decarbonisation Fund' programme. Added a pre-tender assessment form and removed the 'Project can be supported' sign-off from the normal assessment form. Updated Heat Pump work types and updated ASHP PF from 10.83 to 12.54. Added project cost commentary box in the business case. Added 'Voltage Management' work types to 'Technologies Under Review' and removed: • CRT to flat screen LCD • Compact Fluorescent including changing the fitting • Compact Fluorescent using same fitting • Electronic ballast with dimming control • HP Sodium including new fitting • Induction Fluorescent including changing the fitting • Replace halogen with HID metal halide • T12/T8 to CCFL including new fitting • T12/T8 to CCFL using same fitting • T5 lighting including changing the fitting • T5 lighting retrofit using adaptors • T8 lighting including changing the fitting • T8 lighting retrofit using adaptors | E12: NH
B13: 43952 | C13: 34.1 | D13: Rebranded | E13: NM & BH
B14: 43556 | C14: 34 | D14: Added Work Types 'Energy efficient combi-oven', 'Energy efficient convection-oven' & 'Small Hydropower'. Updated Carbon Conversion Factors. Revised all Compliance Tools into one version. Added 'Technologies Under Review Tab' & updated Compliancy Criteria | E14: BH & NH
B15: 43479 | C15: 33.1 | D15: Added Work Types 'Energy Efficient X-Ray Generator'. | E15: BL
B16: 43221 | C16: 33 | D16: Added Work Types 'CHP - Private Wire Connection', 'Direct electric heating to heat pump (water source)' and updated the ground source work types persistence factor. Removed Work Types: ⦁ Electric to Gas - heating using CHP ⦁ Electric to Gas - heating using condensing boilers ⦁ Electric to Gas - tumble driers Updated Compliancy Criteria to remove 5 year payback from SEELS England and Increase to £172/tCO2 Updated SEELS Scotland compliancy to £250/tCO2 Updated Carbon Conversion Factors Added in 'Forecast p/kWh' & Forecast % Change' fields | E16: BH & BC
B17: 43009 | C17: 32.1 | D17: Added Work Type 'Ultrasonic Humidifiers' and 'Direct electric heating to heat pump (ground source)' | E17: BC
B18: 42948 | C18: 32 | D18: Removed Recycling Fund Programme Removed Work Type 'Liquid Pool Covers' Updated to BEIS latest CO2 factors | E18: BH
B19: 42826 | C19: 31.2 | D19: Added Technology 'Solar PV' | E19: BH
... B30: 41091 | C30: 26.2 | D30: Version created for SEELS Fields for pre/post kWh added New work types added: - T12/T8 to CCFL including new fitting - T12/T8 to CCFL using same fitting | E30: CM
B31: 40920 | C31: 26.1 RF SF | D31: Amended Voltage Management work type. | E31: CM
B32: 40848 | C32: 26 RF MPS | D32: New compliance tool developed from v25 SF Notes from v26 SF tool: New DEFRA carbon conversion factors Improved PFs for some ICT work types Additional work types (denoted in red) Additional work types can now be used in Multiple Fuel tool Site life can now only be entered as numerical value Some minor formatting fixes in percentage fields 'Voltage reduction' renamed to 'Voltage management - fixed ratio' and 'Voltage management - variable ratio' in line with Carbon Trust guide CTG045 | E32: CM

Sheet Extra look-up
A2: Project Type | B2: Work-type list name | K2: Client type | L2: Client-type list name | M2: Client Type Selected | N2: Client-type list name | P2: Energy efficient drying cabinets
A3: Building management systems | B3: BMS | K3: Emergency Services | L3: Emergency_Services | M3: ='Project Compliance Tool'!D5 -> 0 | N3: =IF(ISERROR(VLOOKUP(M3,$K$3:$L$9,2,FALSE)),"",VLOOKUP(M3,$K$3:$L$9,2,FALSE)) | P3: Energy efficient freezers (-25C)
A4: Cooling | B4: Cooling | K4: Further Education Institution | L4: Further_Education_Institution | P4: Energy efficient fume cupboards
A5: Energy from waste | B5: EfW | D5: Project Row | E5: Project Type Selected | F5: Work-type list name | G5: Work type selected | H5: Consistency check | I5: Check that all cells are ok | K5: Higher Education Institution | L5: Higher_Education_Institution | P5: Fume cupboards - auto sash closing + PIR
A6: Hand dryers | B6: Hand_dryers | D6: ='Project Compliance Tool'!A12 -> 1 | E6: ='Project Compliance Tool'!H12 -> 0 | F6: =IF(ISERROR(VLOOKUP(E6,$A$3:$B$23,2,FALSE)),"",VLOOKUP(E6,$A$3:$B$23,2,FALSE)) | G6: ='Project Compliance Tool'!I12 -> 0 | H6: =IF(AND(F6<>0,G6=0),"OK",IF(ISERROR(VLOOKUP(G6,INDIRECT(F6),1,FALSE)),"Work Type","OK")) -> OK | I6: =IF(H6="OK",1,0) -> 1 | K6: Local Authority | L6: Local_Authority
A7: Heating | B7: Heating | D7: ='Project Compliance Tool'!A13 -> 2 | E7: ='Project Compliance Tool'!H13 -> 0 | F7: =IF(ISERROR(VLOOKUP(E7,$A$3:$B$23,2,FALSE)),"",VLOOKUP(E7,$A$3:$B$23,2,FALSE)) | G7: ='Project Compliance Tool'!I13 -> 0 | H7: =IF(AND(F7<>0,G7=0),"OK",IF(ISERROR(VLOOKUP(G7,INDIRECT(F7),1,FALSE)),"Work Type","OK")) -> OK | I7: =IF(H7="OK",1,0) -> 1 | K7: NHS | L7: NHS
A8: Hot water | B8: Hot_water | D8: ='Project Compliance Tool'!A14 -> 3 | E8: ='Project Compliance Tool'!H14 -> 0 | F8: =IF(ISERROR(VLOOKUP(E8,$A$3:$B$23,2,FALSE)),"",VLOOKUP(E8,$A$3:$B$23,2,FALSE)) | G8: ='Project Compliance Tool'!I14 -> 0 | H8: =IF(AND(F8<>0,G8=0),"OK",IF(ISERROR(VLOOKUP(G8,INDIRECT(F8),1,FALSE)),"Work Type","OK")) -> OK | I8: =IF(H8="OK",1,0) -> 1 | K8: Primary School | L8: Primary_School
A9: Insulation - building fabric | B9: Insulation_building_fabric | D9: ='Project Compliance Tool'!A15 -> 4 | E9: ='Project Compliance Tool'!H15 -> 0 | F9: =IF(ISERROR(VLOOKUP(E9,$A$3:$B$23,2,FALSE)),"",VLOOKUP(E9,$A$3:$B$23,2,FALSE)) | G9: ='Project Compliance Tool'!I15 -> 0 | H9: =IF(AND(F9<>0,G9=0),"OK",IF(ISERROR(VLOOKUP(G9,INDIRECT(F9),1,FALSE)),"Work Type","OK")) -> OK | I9: =IF(H9="OK",1,0) -> 1 | K9: Secondary School | L9: Secondary_School
A10: Insulation - draught proofing | B10: Insulation_draught_proofing | D10: ='Project Compliance Tool'!A16 -> 5 | E10: ='Project Compliance Tool'!H16 -> 0 | F10: =IF(ISERROR(VLOOKUP(E10,$A$3:$B$23,2,FALSE)),"",VLOOKUP(E10,$A$3:$B$23,2,FALSE)) | G10: ='Project Compliance Tool'!I16 -> 0 | H10: =IF(AND(F10<>0,G10=0),"OK",IF(ISERROR(VLOOKUP(G10,INDIRECT(F10),1,FALSE)),"Work Type","OK")) -> OK | I10: =IF(H10="OK",1,0) -> 1
A11: Insulation - other | B11: Insulation_other | D11: ='Project Compliance Tool'!A17 -> 6 | E11: ='Project Compliance Tool'!H17 -> 0 | F11: =IF(ISERROR(VLOOKUP(E11,$A$3:$B$23,2,FALSE)),"",VLOOKUP(E11,$A$3:$B$23,2,FALSE)) | G11: ='Project Compliance Tool'!I17 -> 0 | H11: =IF(AND(F11<>0,G11=0),"OK",IF(ISERROR(VLOOKUP(G11,INDIRECT(F11),1,FALSE)),"Work Type","OK")) -> OK | I11: =IF(H11="OK",1,0) -> 1
A12: Insulation - pipework | B12: Insulation_pipework | D12: ='Project Compliance Tool'!A18 -> 7 | E12: ='Project Compliance Tool'!H18 -> 0 | F12: =IF(ISERROR(VLOOKUP(E12,$A$3:$B$23,2,FALSE)),"",VLOOKUP(E12,$A$3:$B$23,2,FALSE)) | G12: ='Project Compliance Tool'!I18 -> 0 | H12: =IF(AND(F12<>0,G12=0),"OK",IF(ISERROR(VLOOKUP(G12,INDIRECT(F12),1,FALSE)),"Work Type","OK")) -> OK | I12: =IF(H12="OK",1,0) -> 1
A13: Lab upgrades | B13: Lab_upgrades | D13: ='Project Compliance Tool'!A19 -> 8 | E13: ='Project Compliance Tool'!H19 -> 0 | F13: =IF(ISERROR(VLOOKUP(E13,$A$3:$B$23,2,FALSE)),"",VLOOKUP(E13,$A$3:$B$23,2,FALSE)) | G13: ='Project Compliance Tool'!I19 -> 0 | H13: =IF(AND(F13<>0,G13=0),"OK",IF(ISERROR(VLOOKUP(G13,INDIRECT(F13),1,FALSE)),"Work Type","OK")) -> OK | I13: =IF(H13="OK",1,0) -> 1
A14: Low carbon heating | B14: LCH | D14: ='Project Compliance Tool'!A20 -> 9 | E14: ='Project Compliance Tool'!H20 -> 0 | F14: =IF(ISERROR(VLOOKUP(E14,$A$3:$B$23,2,FALSE)),"",VLOOKUP(E14,$A$3:$B$23,2,FALSE)) | G14: ='Project Compliance Tool'!I20 -> 0 | H14: =IF(AND(F14<>0,G14=0),"OK",IF(ISERROR(VLOOKUP(G14,INDIRECT(F14),1,FALSE)),"Work Type","OK")) -> OK | I14: =IF(H14="OK",1,0) -> 1
A15: LED lighting | B15: LEDs | D15: ='Project Compliance Tool'!A21 -> 10 | E15: ='Project Compliance Tool'!H21 -> 0 | F15: =IF(ISERROR(VLOOKUP(E15,$A$3:$B$23,2,FALSE)),"",VLOOKUP(E15,$A$3:$B$23,2,FALSE)) | G15: ='Project Compliance Tool'!I21 -> 0 | H15: =IF(AND(F15<>0,G15=0),"OK",IF(ISERROR(VLOOKUP(G15,INDIRECT(F15),1,FALSE)),"Work Type","OK")) -> OK | I15: =IF(H15="OK",1,0) -> 1
A16: Lighting controls | B16: Lighting_controls | D16: ='Project Compliance Tool'!A22 -> 11 | E16: ='Project Compliance Tool'!H22 -> 0 | F16: =IF(ISERROR(VLOOKUP(E16,$A$3:$B$23,2,FALSE)),"",VLOOKUP(E16,$A$3:$B$23,2,FALSE)) | G16: ='Project Compliance Tool'!I22 -> 0 | H16: =IF(AND(F16<>0,G16=0),"OK",IF(ISERROR(VLOOKUP(G16,INDIRECT(F16),1,FALSE)),"Work Type","OK")) -> OK | I16: =IF(H16="OK",1,0) -> 1
A17: Motor controls | B17: Motor_controls | D17: ='Project Compliance Tool'!A23 -> 12 | E17: ='Project Compliance Tool'!H23 -> 0 | F17: =IF(ISERROR(VLOOKUP(E17,$A$3:$B$23,2,FALSE)),"",VLOOKUP(E17,$A$3:$B$23,2,FALSE)) | G17: ='Project Compliance Tool'!I23 -> 0 | H17: =IF(AND(F17<>0,G17=0),"OK",IF(ISERROR(VLOOKUP(G17,INDIRECT(F17),1,FALSE)),"Work Type","OK")) -> OK | I17: =IF(H17="OK",1,0) -> 1
A18: Motor replacement | B18: Motor_replacement | D18: ='Project Compliance Tool'!A24 -> 13 | E18: ='Project Compliance Tool'!H24 -> 0 | F18: =IF(ISERROR(VLOOKUP(E18,$A$3:$B$23,2,FALSE)),"",VLOOKUP(E18,$A$3:$B$23,2,FALSE)) | G18: ='Project Compliance Tool'!I24 -> 0 | H18: =IF(AND(F18<>0,G18=0),"OK",IF(ISERROR(VLOOKUP(G18,INDIRECT(F18),1,FALSE)),"Work Type","OK")) -> OK | I18: =IF(H18="OK",1,0) -> 1
A19: Renewable energy | B19: Renewables | D19: ='Project Compliance Tool'!A25 -> 14 | E19: ='Project Compliance Tool'!H25 -> 0 | F19: =IF(ISERROR(VLOOKUP(E19,$A$3:$B$23,2,FALSE)),"",VLOOKUP(E19,$A$3:$B$23,2,FALSE)) | G19: ='Project Compliance Tool'!I25 -> 0 | H19: =IF(AND(F19<>0,G19=0),"OK",IF(ISERROR(VLOOKUP(G19,INDIRECT(F19),1,FALSE)),"Work Type","OK")) -> OK | I19: =IF(H19="OK",1,0) -> 1
A20: Swimming pool covers | B20: Swimming_pool_covers | D20: ='Project Compliance Tool'!A26 -> 15 | E20: ='Project Compliance Tool'!H26 -> 0 | F20: =IF(ISERROR(VLOOKUP(E20,$A$3:$B$23,2,FALSE)),"",VLOOKUP(E20,$A$3:$B$23,2,FALSE)) | G20: ='Project Compliance Tool'!I26 -> 0 | H20: =IF(AND(F20<>0,G20=0),"OK",IF(ISERROR(VLOOKUP(G20,INDIRECT(F20),1,FALSE)),"Work Type","OK")) -> OK | I20: =IF(H20="OK",1,0) -> 1
A21: Time switches | B21: Time_switches | D21: ='Project Compliance Tool'!A27 -> 16 | E21: ='Project Compliance Tool'!H27 -> 0 | F21: =IF(ISERROR(VLOOKUP(E21,$A$3:$B$23,2,FALSE)),"",VLOOKUP(E21,$A$3:$B$23,2,FALSE)) | G21: ='Project Compliance Tool'!I27 -> 0 | H21: =IF(AND(F21<>0,G21=0),"OK",IF(ISERROR(VLOOKUP(G21,INDIRECT(F21),1,FALSE)),"Work Type","OK")) -> OK | I21: =IF(H21="OK",1,0) -> 1
... A23: Ventilation | B23: Ventilation | D23: ='Project Compliance Tool'!A29 -> 18 | E23: ='Project Compliance Tool'!H29 -> 0 | F23: =IF(ISERROR(VLOOKUP(E23,$A$3:$B$23,2,FALSE)),"",VLOOKUP(E23,$A$3:$B$23,2,FALSE)) | G23: ='Project Compliance Tool'!I29 -> 0 | H23: =IF(AND(F23<>0,G23=0),"OK",IF(ISERROR(VLOOKUP(G23,INDIRECT(F23),1,FALSE)),"Work Type","OK")) -> OK | I23: =IF(H23="OK",1,0) -> 1
D24: ='Project Compliance Tool'!A30 -> 19 | E24: ='Project Compliance Tool'!H30 -> 0 | F24: =IF(ISERROR(VLOOKUP(E24,$A$3:$B$23,2,FALSE)),"",VLOOKUP(E24,$A$3:$B$23,2,FALSE)) | G24: ='Project Compliance Tool'!I30 -> 0 | H24: =IF(AND(F24<>0,G24=0),"OK",IF(ISERROR(VLOOKUP(G24,INDIRECT(F24),1,FALSE)),"Work Type","OK")) -> OK | I24: =IF(H24="OK",1,0) -> 1
D25: ='Project Compliance Tool'!A31 -> 20 | E25: ='Project Compliance Tool'!H31 -> 0 | F25: =IF(ISERROR(VLOOKUP(E25,$A$3:$B$23,2,FALSE)),"",VLOOKUP(E25,$A$3:$B$23,2,FALSE)) | G25: ='Project Compliance Tool'!I31 -> 0 | H25: =IF(AND(F25<>0,G25=0),"OK",IF(ISERROR(VLOOKUP(G25,INDIRECT(F25),1,FALSE)),"Work Type","OK")) -> OK | I25: =IF(H25="OK",1,0) -> 1
D26: ='Project Compliance Tool'!A32 -> 21 | E26: ='Project Compliance Tool'!H32 -> 0 | F26: =IF(ISERROR(VLOOKUP(E26,$A$3:$B$23,2,FALSE)),"",VLOOKUP(E26,$A$3:$B$23,2,FALSE)) | G26: ='Project Compliance Tool'!I32 -> 0 | H26: =IF(AND(F26<>0,G26=0),"OK",IF(ISERROR(VLOOKUP(G26,INDIRECT(F26),1,FALSE)),"Work Type","OK")) -> OK | I26: =IF(H26="OK",1,0) -> 1
D27: ='Project Compliance Tool'!A33 -> 22 | E27: ='Project Compliance Tool'!H33 -> 0 | F27: =IF(ISERROR(VLOOKUP(E27,$A$3:$B$23,2,FALSE)),"",VLOOKUP(E27,$A$3:$B$23,2,FALSE)) | G27: ='Project Compliance Tool'!I33 -> 0 | H27: =IF(AND(F27<>0,G27=0),"OK",IF(ISERROR(VLOOKUP(G27,INDIRECT(F27),1,FALSE)),"Work Type","OK")) -> OK | I27: =IF(H27="OK",1,0) -> 1
D28: ='Project Compliance Tool'!A34 -> 23 | E28: ='Project Compliance Tool'!H34 -> 0 | F28: =IF(ISERROR(VLOOKUP(E28,$A$3:$B$23,2,FALSE)),"",VLOOKUP(E28,$A$3:$B$23,2,FALSE)) | G28: ='Project Compliance Tool'!I34 -> 0 | H28: =IF(AND(F28<>0,G28=0),"OK",IF(ISERROR(VLOOKUP(G28,INDIRECT(F28),1,FALSE)),"Work Type","OK")) -> OK | I28: =IF(H28="OK",1,0) -> 1
D29: ='Project Compliance Tool'!A35 -> 24 | E29: ='Project Compliance Tool'!H35 -> 0 | F29: =IF(ISERROR(VLOOKUP(E29,$A$3:$B$23,2,FALSE)),"",VLOOKUP(E29,$A$3:$B$23,2,FALSE)) | G29: ='Project Compliance Tool'!I35 -> 0 | H29: =IF(AND(F29<>0,G29=0),"OK",IF(ISERROR(VLOOKUP(G29,INDIRECT(F29),1,FALSE)),"Work Type","OK")) -> OK | I29: =IF(H29="OK",1,0) -> 1
D30: ='Project Compliance Tool'!A36 -> 25 | E30: ='Project Compliance Tool'!H36 -> 0 | F30: =IF(ISERROR(VLOOKUP(E30,$A$3:$B$23,2,FALSE)),"",VLOOKUP(E30,$A$3:$B$23,2,FALSE)) | G30: ='Project Compliance Tool'!I36 -> 0 | H30: =IF(AND(F30<>0,G30=0),"OK",IF(ISERROR(VLOOKUP(G30,INDIRECT(F30),1,FALSE)),"Work Type","OK")) -> OK | I30: =IF(H30="OK",1,0) -> 1
D31: ='Project Compliance Tool'!A37 -> 26 | E31: ='Project Compliance Tool'!H37 -> 0 | F31: =IF(ISERROR(VLOOKUP(E31,$A$3:$B$23,2,FALSE)),"",VLOOKUP(E31,$A$3:$B$23,2,FALSE)) | G31: ='Project Compliance Tool'!I37 -> 0 | H31: =IF(AND(F31<>0,G31=0),"OK",IF(ISERROR(VLOOKUP(G31,INDIRECT(F31),1,FALSE)),"Work Type","OK")) -> OK | I31: =IF(H31="OK",1,0) -> 1
D32: ='Project Compliance Tool'!A38 -> 27 | E32: ='Project Compliance Tool'!H38 -> 0 | F32: =IF(ISERROR(VLOOKUP(E32,$A$3:$B$23,2,FALSE)),"",VLOOKUP(E32,$A$3:$B$23,2,FALSE)) | G32: ='Project Compliance Tool'!I38 -> 0 | H32: =IF(AND(F32<>0,G32=0),"OK",IF(ISERROR(VLOOKUP(G32,INDIRECT(F32),1,FALSE)),"Work Type","OK")) -> OK | I32: =IF(H32="OK",1,0) -> 1
D33: ='Project Compliance Tool'!A39 -> 28 | E33: ='Project Compliance Tool'!H39 -> 0 | F33: =IF(ISERROR(VLOOKUP(E33,$A$3:$B$23,2,FALSE)),"",VLOOKUP(E33,$A$3:$B$23,2,FALSE)) | G33: ='Project Compliance Tool'!I39 -> 0 | H33: =IF(AND(F33<>0,G33=0),"OK",IF(ISERROR(VLOOKUP(G33,INDIRECT(F33),1,FALSE)),"Work Type","OK")) -> OK | I33: =IF(H33="OK",1,0) -> 1
D34: ='Project Compliance Tool'!A40 -> 29 | E34: ='Project Compliance Tool'!H40 -> 0 | F34: =IF(ISERROR(VLOOKUP(E34,$A$3:$B$23,2,FALSE)),"",VLOOKUP(E34,$A$3:$B$23,2,FALSE)) | G34: ='Project Compliance Tool'!I40 -> 0 | H34: =IF(AND(F34<>0,G34=0),"OK",IF(ISERROR(VLOOKUP(G34,INDIRECT(F34),1,FALSE)),"Work Type","OK")) -> OK | I34: =IF(H34="OK",1,0) -> 1
D35: ='Project Compliance Tool'!A41 -> 30 | E35: ='Project Compliance Tool'!H41 -> 0 | F35: =IF(ISERROR(VLOOKUP(E35,$A$3:$B$23,2,FALSE)),"",VLOOKUP(E35,$A$3:$B$23,2,FALSE)) | G35: ='Project Compliance Tool'!I41 -> 0 | H35: =IF(AND(F35<>0,G35=0),"OK",IF(ISERROR(VLOOKUP(G35,INDIRECT(F35),1,FALSE)),"Work Type","OK")) -> OK | I35: =IF(H35="OK",1,0) -> 1
B36: Enter Project Type first | D36: ='Project Compliance Tool'!A42 -> 31 | E36: ='Project Compliance Tool'!H42 -> 0 | F36: =IF(ISERROR(VLOOKUP(E36,$A$3:$B$23,2,FALSE)),"",VLOOKUP(E36,$A$3:$B$23,2,FALSE)) | G36: ='Project Compliance Tool'!I42 -> 0 | H36: =IF(AND(F36<>0,G36=0),"OK",IF(ISERROR(VLOOKUP(G36,INDIRECT(F36),1,FALSE)),"Work Type","OK")) -> OK | I36: =IF(H36="OK",1,0) -> 1
D37: ='Project Compliance Tool'!A43 -> 32 | E37: ='Project Compliance Tool'!H43 -> 0 | F37: =IF(ISERROR(VLOOKUP(E37,$A$3:$B$23,2,FALSE)),"",VLOOKUP(E37,$A$3:$B$23,2,FALSE)) | G37: ='Project Compliance Tool'!I43 -> 0 | H37: =IF(AND(F37<>0,G37=0),"OK",IF(ISERROR(VLOOKUP(G37,INDIRECT(F37),1,FALSE)),"Work Type","OK")) -> OK | I37: =IF(H37="OK",1,0) -> 1
D38: ='Project Compliance Tool'!A44 -> 33 | E38: ='Project Compliance Tool'!H44 -> 0 | F38: =IF(ISERROR(VLOOKUP(E38,$A$3:$B$23,2,FALSE)),"",VLOOKUP(E38,$A$3:$B$23,2,FALSE)) | G38: ='Project Compliance Tool'!I44 -> 0 | H38: =IF(AND(F38<>0,G38=0),"OK",IF(ISERROR(VLOOKUP(G38,INDIRECT(F38),1,FALSE)),"Work Type","OK")) -> OK | I38: =IF(H38="OK",1,0) -> 1
D39: ='Project Compliance Tool'!A45 -> 34 | E39: ='Project Compliance Tool'!H45 -> 0 | F39: =IF(ISERROR(VLOOKUP(E39,$A$3:$B$23,2,FALSE)),"",VLOOKUP(E39,$A$3:$B$23,2,FALSE)) | G39: ='Project Compliance Tool'!I45 -> 0 | H39: =IF(AND(F39<>0,G39=0),"OK",IF(ISERROR(VLOOKUP(G39,INDIRECT(F39),1,FALSE)),"Work Type","OK")) -> OK | I39: =IF(H39="OK",1,0) -> 1
D40: ='Project Compliance Tool'!A46 -> 35 | E40: ='Project Compliance Tool'!H46 -> 0 | F40: =IF(ISERROR(VLOOKUP(E40,$A$3:$B$23,2,FALSE)),"",VLOOKUP(E40,$A$3:$B$23,2,FALSE)) | G40: ='Project Compliance Tool'!I46 -> 0 | H40: =IF(AND(F40<>0,G40=0),"OK",IF(ISERROR(VLOOKUP(G40,INDIRECT(F40),1,FALSE)),"Work Type","OK")) -> OK | I40: =IF(H40="OK",1,0) -> 1
D41: ='Project Compliance Tool'!A47 -> 36 | E41: ='Project Compliance Tool'!H47 -> 0 | F41: =IF(ISERROR(VLOOKUP(E41,$A$3:$B$23,2,FALSE)),"",VLOOKUP(E41,$A$3:$B$23,2,FALSE)) | G41: ='Project Compliance Tool'!I47 -> 0 | H41: =IF(AND(F41<>0,G41=0),"OK",IF(ISERROR(VLOOKUP(G41,INDIRECT(F41),1,FALSE)),"Work Type","OK")) -> OK | I41: =IF(H41="OK",1,0) -> 1
D42: ='Project Compliance Tool'!A48 -> 37 | E42: ='Project Compliance Tool'!H48 -> 0 | F42: =IF(ISERROR(VLOOKUP(E42,$A$3:$B$23,2,FALSE)),"",VLOOKUP(E42,$A$3:$B$23,2,FALSE)) | G42: ='Project Compliance Tool'!I48 -> 0 | H42: =IF(AND(F42<>0,G42=0),"OK",IF(ISERROR(VLOOKUP(G42,INDIRECT(F42),1,FALSE)),"Work Type","OK")) -> OK | I42: =IF(H42="OK",1,0) -> 1
D43: ='Project Compliance Tool'!A49 -> 38 | E43: ='Project Compliance Tool'!H49 -> 0 | F43: =IF(ISERROR(VLOOKUP(E43,$A$3:$B$23,2,FALSE)),"",VLOOKUP(E43,$A$3:$B$23,2,FALSE)) | G43: ='Project Compliance Tool'!I49 -> 0 | H43: =IF(AND(F43<>0,G43=0),"OK",IF(ISERROR(VLOOKUP(G43,INDIRECT(F43),1,FALSE)),"Work Type","OK")) -> OK | I43: =IF(H43="OK",1,0) -> 1
D44: ='Project Compliance Tool'!A50 -> 39 | E44: ='Project Compliance Tool'!H50 -> 0 | F44: =IF(ISERROR(VLOOKUP(E44,$A$3:$B$23,2,FALSE)),"",VLOOKUP(E44,$A$3:$B$23,2,FALSE)) | G44: ='Project Compliance Tool'!I50 -> 0 | H44: =IF(AND(F44<>0,G44=0),"OK",IF(ISERROR(VLOOKUP(G44,INDIRECT(F44),1,FALSE)),"Work Type","OK")) -> OK | I44: =IF(H44="OK",1,0) -> 1
D45: ='Project Compliance Tool'!A51 -> 40 | E45: ='Project Compliance Tool'!H51 -> 0 | F45: =IF(ISERROR(VLOOKUP(E45,$A$3:$B$23,2,FALSE)),"",VLOOKUP(E45,$A$3:$B$23,2,FALSE)) | G45: ='Project Compliance Tool'!I51 -> 0 | H45: =IF(AND(F45<>0,G45=0),"OK",IF(ISERROR(VLOOKUP(G45,INDIRECT(F45),1,FALSE)),"Work Type","OK")) -> OK | I45: =IF(H45="OK",1,0) -> 1
D46: ='Project Compliance Tool'!A52 -> 41 | E46: ='Project Compliance Tool'!H52 -> 0 | F46: =IF(ISERROR(VLOOKUP(E46,$A$3:$B$23,2,FALSE)),"",VLOOKUP(E46,$A$3:$B$23,2,FALSE)) | G46: ='Project Compliance Tool'!I52 -> 0 | H46: =IF(AND(F46<>0,G46=0),"OK",IF(ISERROR(VLOOKUP(G46,INDIRECT(F46),1,FALSE)),"Work Type","OK")) -> OK | I46: =IF(H46="OK",1,0) -> 1
D47: ='Project Compliance Tool'!A53 -> 42 | E47: ='Project Compliance Tool'!H53 -> 0 | F47: =IF(ISERROR(VLOOKUP(E47,$A$3:$B$23,2,FALSE)),"",VLOOKUP(E47,$A$3:$B$23,2,FALSE)) | G47: ='Project Compliance Tool'!I53 -> 0 | H47: =IF(AND(F47<>0,G47=0),"OK",IF(ISERROR(VLOOKUP(G47,INDIRECT(F47),1,FALSE)),"Work Type","OK")) -> OK | I47: =IF(H47="OK",1,0) -> 1
D48: ='Project Compliance Tool'!A54 -> 43 | E48: ='Project Compliance Tool'!H54 -> 0 | F48: =IF(ISERROR(VLOOKUP(E48,$A$3:$B$23,2,FALSE)),"",VLOOKUP(E48,$A$3:$B$23,2,FALSE)) | G48: ='Project Compliance Tool'!I54 -> 0 | H48: =IF(AND(F48<>0,G48=0),"OK",IF(ISERROR(VLOOKUP(G48,INDIRECT(F48),1,FALSE)),"Work Type","OK")) -> OK | I48: =IF(H48="OK",1,0) -> 1
... D55: ='Project Compliance Tool'!A61 -> 50 | E55: ='Project Compliance Tool'!H61 -> Lab upgrades | F55: =IF(ISERROR(VLOOKUP(E55,$A$3:$B$23,2,FALSE)),"",VLOOKUP(E55,$A$3:$B$23,2,FALSE)) -> Lab_upgrades | G55: ='Project Compliance Tool'!I61 -> Energy efficient drying cabinets | H55: =IF(AND(F55<>0,G55=0),"OK",IF(ISERROR(VLOOKUP(G55,INDIRECT(F55),1,FALSE)),"Work Type","OK")) -> OK | I55: =IF(H55="OK",1,0) -> 1
E71: Programme | F71: PB | G71: £/tCO2e
E72: SEELS Scotland | F72: 12 | G72: 305
E73: SEELS Wales | F73: 8 | G73: 278
E74: Recycling Fund England HEI | F74: 8 | G74: 500
E75: Recycling Fund England | F75: 10 | G75: 500
E76: Recycling Fund Scotland | F76: 12 | G76: 305
E77: Recycling Fund Wales | F77: 8 | G77: 278
E79: Overall project | F79: ='Project Compliance Tool'!Q65 | G79: ='Project Compliance Tool'!U65
E80: Criteria | F80: =IFERROR(VLOOKUP('Project Compliance Tool'!D4,E71:G77,2,FALSE),"") | G80: =IFERROR(VLOOKUP('Project Compliance Tool'!D4,E71:G77,3,FALSE),"")
E81: Compliancy | F81: =IF(F79<=F80,"Compliant","Non-compliant") -> Compliant | G81: =IF(G79<=G80,"Compliant","Non-compliant") -> Compliant
E84: SEELS_England | F84: =IFERROR(VLOOKUP('Project Compliance Tool'!D4,'Extra look-up'!D87:E95,2,FALSE),"") | G84: Higher Education Institute | H84: =IF('Project Compliance Tool'!D4="","Select Programme",IF(AND(F81="Compliant",G81="Compliant"),"Compliant","Non-compliant")) -> Select Programme
E85: SEELS_Schools | G85: Further Education Institute
E86: SEELS_Scotland | G86: Local Authority
E87: SEELS_Wales | G87: NHS | H87: Higher_Education_Institute | I87: Recycling_Fund_England_HEI
E88: Recycling_Fund_England_HEI | G88: Emergency Services | H88: Further_Education_Institute | I88: Recycling_Fund_England
D89: SEELS Scotland | E89: Recycling_Fund_England | G89: Primary School | H89: Local_Authority
D90: SEELS Wales | E90: Recycling_Fund_Scotland | G90: Secondary School | H90: NHS
D91: Recycling Fund England HEI | E91: Recycling_Fund_Wales | G91: Higher Education Institute | H91: Emergency_Services
D92: Recycling Fund England | E92: Salix_Decarbonisation_Fund | G92: Further Education Institute | H92: Primary_School
D93: Recycling Fund Scotland | G93: Local Authority | H93: Secondary_School
D94: Recycling Fund Wales | G94: NHS | H94: Higher_Education_Institute | I94: SEELS_England
D95: Salix Decarbonisation Fund | G95: Emergency Services | H95: Further_Education_Institute
G96: Primary School | H96: Local_Authority
G97: Secondary School | H97: NHS
G98: Higher Education Institute | H98: Emergency_Services
G99: Local Authority | H99: Primary_School | I99: SEELS_Schools
G100: Primary School (Local Authority) | H100: Secondary_School
G101: Secondary School (Local Authority) | H101: Higher_Education_Institute | I101: Recycling_Fund_Scotland
G102: Local Authority | H102: Local_Authority
G103: Primary School | H103: Primary_School
G104: Secondary School | H104: Secondary_School
G105: Emergency Services | H105: Local_Authority | I105: SEELS_Scotland
G106: Higher Education Institute | H106: Primary_School
G107: Local Authority | H107: Secondary_School
G108: Primary School (Local Authority) | H108: Emergency_Services
G109: Secondary School (Local Authority) | H109: Higher_Education_Institute
G110: Higher Education Institute | H110: Local_Authority | I110: Recycling_Fund_Wales
G111: Further Education Institute | H111: Primary_School
G112: Higher Education Institute | H112: Secondary_School
G113: Emergency Services | H113: Higher_Education_Institute
G114: Local Authority | H114: Further_Education_Institute | I114: SEELS_Wales
G115: Primary School | H115: Higher_Education_Institute
G116: Secondary School | H116: Emergency_Services
G117: NHS | H117: Local_Authority
G118: Further Education Institute | H118: Primary_School
G119: Local Authority | H119: Secondary_School
G120: NHS | H120: NHS
G121: Emergency Services | H121: Further_Education_Institute | I121: Salix_Decarbonisation_Fund
G122: Primary School | H122: Local_Authority
G123: Secondary School | H123: NHS
H124: Emergency_Services
E125: vlookup | F125: Client Type Selected | G125: Client Type Selected | H125: Primary_School
E126: =IFERROR(VLOOKUP(D129,D87:E94,2,FALSE),"") | F126: ='Project Compliance Tool'!$D$5 -> 0 | G126: =VLOOKUP(F126,G87:H120,2,FALSE) -> #N/A | H126: Secondary_School
...

Sheet PETREAD
A1: Project Code:
A4: PET entry:
A6: Project Ref | B6: Start date | C6: Completion date | D6: Site name | E6: Site life (yrs) | F6: Project / description | G6: Total Project Value | H6: Salix Funding Requested | I6: Salix % contribution of total project cost | J6: Energy Type | K6: Energy Cost (p/kWh) | L6: Forecast p/kWh | M6: Forecast % Change | N6: Project Type | O6: Work Type | P6: Annual kWh Pre-Project | Q6: Annual kWh Post-Project | R6: Annual kWh Saving | S6: % kWh savings | T6: Annual Financial Savings | U6: Payback Period | V6: kg/kWh | W6: tCO2 pa | X6: PF | Y6: tCO2 LT Savings | Z6: £/tCO2 LT | AA6: LT Financial Saving | AB6: Compliancy
A7: =IF($A$2="","",$A$2) | B7: ='Project Compliance Tool'!C9 -> 0 | C7: ='Project Compliance Tool'!D9 -> 0 | D7: ='Project Compliance Tool'!E9 -> 0 | E7: ='Project Compliance Tool'!F9 -> 0 | F7: ='Project Compliance Tool'!G9 -> 0 | G7: ='Project Compliance Tool'!O65 | H7: ='Project Compliance Tool'!N65 -> 0 | I7: =IFERROR(H7/G7,"") | J7: =IF(SUM($K$14:$K$22)>0,"MPS",C13) -> 0 | K7: =IF(SUM($K$14:$K$22)>0,"MPS",D13) -> 0 | L7: =IF(SUM($K$14:$K$22)>0,"MPS",E13) -> 0 | M7: =IF(SUM($K$14:$K$22)>0,"MPS",F13) | N7: =IF(SUM($K$14:$K$22)>0,"Multiple Project Types",G13) -> 0 | O7: =IF(SUM($K$14:$K$22)>0,"MPS",H13) -> 0 | P7: =IF(SUM($K$14:$K$22)>0,"MPS",I13) -> 0 | Q7: =IF(SUM($K$14:$K$22)>0,"MPS",J13) -> 0 | R7: =IF(SUM($K$14:$K$22)>0,"MPS",K13) | S7: =IF(R7="MPS","MPS",R7/P7) -> #VALUE! | T7: ='Project Compliance Tool'!P65 | U7: ='Project Compliance Tool'!Q65 | V7: ='Project Compliance Tool'!R65 | W7: ='Project Compliance Tool'!S65 | X7: =IF(SUM($M$14:$M$22)>0,"MPS",M13) | Y7: ='Project Compliance Tool'!T65 | Z7: ='Project Compliance Tool'!U65 | AA7: =Q23 -> 0 | AB7: ='Project Compliance Tool'!V65 -> Please Select Programme
A10: Back Data:
A12: Project Ref | B12: Measure Reference: | C12: Energy type | D12: p/kWh | E12: Forecast p/kWh | F12: Forecast % Change | G12: Project Type | H12: Technology - Work Type | I12: Annual kWhrs Pre-Project | J12: Annual kWhrs Post-Project | K12: Annual kWh savings | L12: % kWh savings | M12: PF | N12: Annual Financial Saving | O12: tCO2 pa | P12: tCO2 LT | Q12: LT Financial Saving | R12: Cost per Measure | T12: Number | U12: Energy type
A13: =IF($A$2="","",$A$2) | B13: =U13&T13&$A$2 -> #N/A | C13: ='Project Compliance Tool'!D12 -> 0 | D13: ='Project Compliance Tool'!E12 -> 0 | E13: ='Project Compliance Tool'!F12 -> 0 | F13: ='Project Compliance Tool'!G12 | G13: ='Project Compliance Tool'!H12 -> 0 | H13: ='Project Compliance Tool'!I12 -> 0 | I13: ='Project Compliance Tool'!K12 -> 0 | J13: ='Project Compliance Tool'!L12 -> 0 | K13: ='Project Compliance Tool'!M12 | L13: ='Project Compliance Tool'!N12 -> 0 | M13: ='Project Compliance Tool'!W12 | N13: ='Project Compliance Tool'!P12 | O13: ='Project Compliance Tool'!S12 | P13: ='Project Compliance Tool'!T12 | Q13: =IFERROR(N13*M13,"") | R13: ='Project Compliance Tool'!O12 -> 0 | T13: =COUNTIF($U$13:U13,U13) -> 1 | U13: =VLOOKUP(C13,'Eligible Technologies'!$J$17:$Q$26,7,FALSE) -> #N/A | V13: =IF(LEN(TRIM(C13))=0,0,LEN(TRIM(C13))-LEN(SUBSTITUTE(C13," ",""))+1) -> 1 | W13: =RIGHT(C13,LEN(C13)-FIND("^^",SUBSTITUTE(C13," ", "^^",LEN(C13)-LEN(SUBSTITUTE(C13," ",""))))) -> #VALUE!
A14: =IF($A$2="","",$A$2) | B14: =U14&T14&$A$2 -> #N/A | C14: ='Project Compliance Tool'!D13 -> 0 | D14: ='Project Compliance Tool'!E13 -> 0 | E14: ='Project Compliance Tool'!F13 -> 0 | F14: ='Project Compliance Tool'!G13 | G14: ='Project Compliance Tool'!H13 -> 0 | H14: ='Project Compliance Tool'!I13 -> 0 | I14: ='Project Compliance Tool'!K13 -> 0 | J14: ='Project Compliance Tool'!L13 -> 0 | K14: ='Project Compliance Tool'!M13 | L14: ='Project Compliance Tool'!N13 -> 0 | M14: ='Project Compliance Tool'!W13 | N14: ='Project Compliance Tool'!P13 | O14: ='Project Compliance Tool'!S13 | P14: ='Project Compliance Tool'!T13 | Q14: =IFERROR(N14*M14,"") | R14: ='Project Compliance Tool'!O13 -> 0 | T14: =COUNTIF($U$13:U14,U14) -> 2 | U14: =VLOOKUP(C14,'Eligible Technologies'!$J$17:$Q$26,7,FALSE) -> #N/A | V14: =IF(LEN(TRIM(C14))=0,0,LEN(TRIM(C14))-LEN(SUBSTITUTE(C14," ",""))+1) -> 1 | W14: =RIGHT(C14,LEN(C14)-FIND("^^",SUBSTITUTE(C14," ", "^^",LEN(C14)-LEN(SUBSTITUTE(C14," ",""))))) -> #VALUE!
A15: =IF($A$2="","",$A$2) | B15: =U15&T15&$A$2 -> #N/A | C15: ='Project Compliance Tool'!D14 -> 0 | D15: ='Project Compliance Tool'!E14 -> 0 | E15: ='Project Compliance Tool'!F14 -> 0 | F15: ='Project Compliance Tool'!G14 | G15: ='Project Compliance Tool'!H14 -> 0 | H15: ='Project Compliance Tool'!I14 -> 0 | I15: ='Project Compliance Tool'!K14 -> 0 | J15: ='Project Compliance Tool'!L14 -> 0 | K15: ='Project Compliance Tool'!M14 | L15: ='Project Compliance Tool'!N14 -> 0 | M15: ='Project Compliance Tool'!W14 | N15: ='Project Compliance Tool'!P14 | O15: ='Project Compliance Tool'!S14 | P15: ='Project Compliance Tool'!T14 | Q15: =IFERROR(N15*M15,"") | R15: ='Project Compliance Tool'!O14 -> 0 | T15: =COUNTIF($U$13:U15,U15) -> 3 | U15: =VLOOKUP(C15,'Eligible Technologies'!$J$17:$Q$26,7,FALSE) -> #N/A | V15: =IF(LEN(TRIM(C15))=0,0,LEN(TRIM(C15))-LEN(SUBSTITUTE(C15," ",""))+1) -> 1 | W15: =RIGHT(C15,LEN(C15)-FIND("^^",SUBSTITUTE(C15," ", "^^",LEN(C15)-LEN(SUBSTITUTE(C15," ",""))))) -> #VALUE!
A16: =IF($A$2="","",$A$2) | B16: =U16&T16&$A$2 -> #N/A | C16: ='Project Compliance Tool'!D15 -> 0 | D16: ='Project Compliance Tool'!E15 -> 0 | E16: ='Project Compliance Tool'!F15 -> 0 | F16: ='Project Compliance Tool'!G15 | G16: ='Project Compliance Tool'!H15 -> 0 | H16: ='Project Compliance Tool'!I15 -> 0 | I16: ='Project Compliance Tool'!K15 -> 0 | J16: ='Project Compliance Tool'!L15 -> 0 | K16: ='Project Compliance Tool'!M15 | L16: ='Project Compliance Tool'!N15 -> 0 | M16: ='Project Compliance Tool'!W15 | N16: ='Project Compliance Tool'!P15 | O16: ='Project Compliance Tool'!S15 | P16: ='Project Compliance Tool'!T15 | Q16: =IFERROR(N16*M16,"") | R16: ='Project Compliance Tool'!O15 -> 0 | T16: =COUNTIF($U$13:U16,U16) -> 4 | U16: =VLOOKUP(C16,'Eligible Technologies'!$J$17:$Q$26,7,FALSE) -> #N/A | V16: =IF(LEN(TRIM(C16))=0,0,LEN(TRIM(C16))-LEN(SUBSTITUTE(C16," ",""))+1) -> 1 | W16: =RIGHT(C16,LEN(C16)-FIND("^^",SUBSTITUTE(C16," ", "^^",LEN(C16)-LEN(SUBSTITUTE(C16," ",""))))) -> #VALUE!
A17: =IF($A$2="","",$A$2) | B17: =U17&T17&$A$2 -> #N/A | C17: ='Project Compliance Tool'!D16 -> 0 | D17: ='Project Compliance Tool'!E16 -> 0 | E17: ='Project Compliance Tool'!F16 -> 0 | F17: ='Project Compliance Tool'!G16 | G17: ='Project Compliance Tool'!H16 -> 0 | H17: ='Project Compliance Tool'!I16 -> 0 | I17: ='Project Compliance Tool'!K16 -> 0 | J17: ='Project Compliance Tool'!L16 -> 0 | K17: ='Project Compliance Tool'!M16 | L17: ='Project Compliance Tool'!N16 -> 0 | M17: ='Project Compliance Tool'!W16 | N17: ='Project Compliance Tool'!P16 | O17: ='Project Compliance Tool'!S16 | P17: ='Project Compliance Tool'!T16 | Q17: =IFERROR(N17*M17,"") | R17: ='Project Compliance Tool'!O16 -> 0 | T17: =COUNTIF($U$13:U17,U17) -> 5 | U17: =VLOOKUP(C17,'Eligible Technologies'!$J$17:$Q$26,7,FALSE) -> #N/A | V17: =IF(LEN(TRIM(C17))=0,0,LEN(TRIM(C17))-LEN(SUBSTITUTE(C17," ",""))+1) -> 1 | W17: =RIGHT(C17,LEN(C17)-FIND("^^",SUBSTITUTE(C17," ", "^^",LEN(C17)-LEN(SUBSTITUTE(C17," ",""))))) -> #VALUE!
A18: =IF($A$2="","",$A$2) | B18: =U18&T18&$A$2 -> #N/A | C18: ='Project Compliance Tool'!D17 -> 0 | D18: ='Project Compliance Tool'!E17 -> 0 | E18: ='Project Compliance Tool'!F17 -> 0 | F18: ='Project Compliance Tool'!G17 | G18: ='Project Compliance Tool'!H17 -> 0 | H18: ='Project Compliance Tool'!I17 -> 0 | I18: ='Project Compliance Tool'!K17 -> 0 | J18: ='Project Compliance Tool'!L17 -> 0 | K18: ='Project Compliance Tool'!M17 | L18: ='Project Compliance Tool'!N17 -> 0 | M18: ='Project Compliance Tool'!W17 | N18: ='Project Compliance Tool'!P17 | O18: ='Project Compliance Tool'!S17 | P18: ='Project Compliance Tool'!T17 | Q18: =IFERROR(N18*M18,"") | R18: ='Project Compliance Tool'!O17 -> 0 | T18: =COUNTIF($U$13:U18,U18) -> 6 | U18: =VLOOKUP(C18,'Eligible Technologies'!$J$17:$Q$26,7,FALSE) -> #N/A | V18: =IF(LEN(TRIM(C18))=0,0,LEN(TRIM(C18))-LEN(SUBSTITUTE(C18," ",""))+1) -> 1 | W18: =RIGHT(C18,LEN(C18)-FIND("^^",SUBSTITUTE(C18," ", "^^",LEN(C18)-LEN(SUBSTITUTE(C18," ",""))))) -> #VALUE!
A19: =IF($A$2="","",$A$2) | B19: =U19&T19&$A$2 -> #N/A | C19: ='Project Compliance Tool'!D18 -> 0 | D19: ='Project Compliance Tool'!E18 -> 0 | E19: ='Project Compliance Tool'!F18 -> 0 | F19: ='Project Compliance Tool'!G18 | G19: ='Project Compliance Tool'!H18 -> 0 | H19: ='Project Compliance Tool'!I18 -> 0 | I19: ='Project Compliance Tool'!K18 -> 0 | J19: ='Project Compliance Tool'!L18 -> 0 | K19: ='Project Compliance Tool'!M18 | L19: ='Project Compliance Tool'!N18 -> 0 | M19: ='Project Compliance Tool'!W18 | N19: ='Project Compliance Tool'!P18 | O19: ='Project Compliance Tool'!S18 | P19: ='Project Compliance Tool'!T18 | Q19: =IFERROR(N19*M19,"") | R19: ='Project Compliance Tool'!O18 -> 0 | T19: =COUNTIF($U$13:U19,U19) -> 7 | U19: =VLOOKUP(C19,'Eligible Technologies'!$J$17:$Q$26,7,FALSE) -> #N/A | V19: =IF(LEN(TRIM(C19))=0,0,LEN(TRIM(C19))-LEN(SUBSTITUTE(C19," ",""))+1) -> 1 | W19: =RIGHT(C19,LEN(C19)-FIND("^^",SUBSTITUTE(C19," ", "^^",LEN(C19)-LEN(SUBSTITUTE(C19," ",""))))) -> #VALUE!
A20: =IF($A$2="","",$A$2) | B20: =U20&T20&$A$2 -> #N/A | C20: ='Project Compliance Tool'!D19 -> 0 | D20: ='Project Compliance Tool'!E19 -> 0 | E20: ='Project Compliance Tool'!F19 -> 0 | F20: ='Project Compliance Tool'!G19 | G20: ='Project Compliance Tool'!H19 -> 0 | H20: ='Project Compliance Tool'!I19 -> 0 | I20: ='Project Compliance Tool'!K19 -> 0 | J20: ='Project Compliance Tool'!L19 -> 0 | K20: ='Project Compliance Tool'!M19 | L20: ='Project Compliance Tool'!N19 -> 0 | M20: ='Project Compliance Tool'!W19 | N20: ='Project Compliance Tool'!P19 | O20: ='Project Compliance Tool'!S19 | P20: ='Project Compliance Tool'!T19 | Q20: =IFERROR(N20*M20,"") | R20: ='Project Compliance Tool'!O19 -> 0 | T20: =COUNTIF($U$13:U20,U20) -> 8 | U20: =VLOOKUP(C20,'Eligible Technologies'!$J$17:$Q$26,7,FALSE) -> #N/A | V20: =IF(LEN(TRIM(C20))=0,0,LEN(TRIM(C20))-LEN(SUBSTITUTE(C20," ",""))+1) -> 1 | W20: =RIGHT(C20,LEN(C20)-FIND("^^",SUBSTITUTE(C20," ", "^^",LEN(C20)-LEN(SUBSTITUTE(C20," ",""))))) -> #VALUE!
A21: =IF($A$2="","",$A$2) | B21: =U21&T21&$A$2 -> #N/A | C21: ='Project Compliance Tool'!D20 -> 0 | D21: ='Project Compliance Tool'!E20 -> 0 | E21: ='Project Compliance Tool'!F20 -> 0 | F21: ='Project Compliance Tool'!G20 | G21: ='Project Compliance Tool'!H20 -> 0 | H21: ='Project Compliance Tool'!I20 -> 0 | I21: ='Project Compliance Tool'!K20 -> 0 | J21: ='Project Compliance Tool'!L20 -> 0 | K21: ='Project Compliance Tool'!M20 | L21: ='Project Compliance Tool'!N20 -> 0 | M21: ='Project Compliance Tool'!W20 | N21: ='Project Compliance Tool'!P20 | O21: ='Project Compliance Tool'!S20 | P21: ='Project Compliance Tool'!T20 | Q21: =IFERROR(N21*M21,"") | R21: ='Project Compliance Tool'!O20 -> 0 | T21: =COUNTIF($U$13:U21,U21) -> 9 | U21: =VLOOKUP(C21,'Eligible Technologies'!$J$17:$Q$26,7,FALSE) -> #N/A | V21: =IF(LEN(TRIM(C21))=0,0,LEN(TRIM(C21))-LEN(SUBSTITUTE(C21," ",""))+1) -> 1 | W21: =RIGHT(C21,LEN(C21)-FIND("^^",SUBSTITUTE(C21," ", "^^",LEN(C21)-LEN(SUBSTITUTE(C21," ",""))))) -> #VALUE!
A22: =IF($A$2="","",$A$2) | B22: =U22&T22&$A$2 -> #N/A | C22: ='Project Compliance Tool'!D61 -> 0 | D22: ='Project Compliance Tool'!E61 -> 0 | E22: ='Project Compliance Tool'!F61 -> 0 | F22: ='Project Compliance Tool'!G61 | G22: ='Project Compliance Tool'!H61 -> Lab upgrades | H22: ='Project Compliance Tool'!I61 -> Energy efficient drying cabinets | I22: ='Project Compliance Tool'!K61 -> 0 | J22: ='Project Compliance Tool'!L61 -> 0 | K22: ='Project Compliance Tool'!M61 | L22: ='Project Compliance Tool'!N61 -> 0 | M22: ='Project Compliance Tool'!W61 -> 0 | N22: ='Project Compliance Tool'!P61 | O22: ='Project Compliance Tool'!S61 | P22: ='Project Compliance Tool'!T61 | Q22: =IFERROR(N22*M22,"") | R22: ='Project Compliance Tool'!O61 -> 0 | T22: =COUNTIF($U$13:U22,U22) -> 10 | U22: =VLOOKUP(C22,'Eligible Technologies'!$J$17:$Q$26,7,FALSE) -> #N/A | V22: =IF(LEN(TRIM(C22))=0,0,LEN(TRIM(C22))-LEN(SUBSTITUTE(C22," ",""))+1) -> 1 | W22: =RIGHT(C22,LEN(C22)-FIND("^^",SUBSTITUTE(C22," ", "^^",LEN(C22)-LEN(SUBSTITUTE(C22," ",""))))) -> #VALUE!
N23: =SUM(N13:N22) -> 0 | O23: =SUM(O13:O22) -> 0 | P23: =SUM(P13:P22) -> 0 | Q23: =SUM(Q13:Q22) -> 0 | R23: =SUM(R13:R22) -> 0
